 Dungeon Crawl Stone Soup version 0.31-a0-180-g519b7de00c (webtiles) character file.

Game seed: 7713707999795348700

452112 qw the Slayer (level 23, -1/162 HPs)
             Began as a Gargoyle Fighter on June 19, 2023.
             Was an Elder of Okawaru.
             Slain by Vv (19 damage)
             ... on level 1 of the Realm of Zot.
             The game lasted 00:42:47 (55575 turns).

qw the Slayer (Gargoyle Fighter)                   Turns: 55575, Time: 00:42:48

Health: -1/162     AC: 60    Str: 34    XL:     23   Next: 99%
Magic:  29/30      EV: 18    Int: 16    God:    Okawaru [****..]
Gold:   395        SH: 25    Dex:  9    Spells: 22/22 levels left

rFire   + + .        u - +7 war axe (vamp)
rCold   + . .        r - +2 tower shield
rNeg    + . .        A - +9 plate armour "Hepnel" {rF+ Int+4 Stlth+}
rPois   inf          M - +2 helmet {SInv}
rElec   +            H - +2 cloak {Will+}
rCorr   +            z - +2 pair of gloves
SInv    +            p - +2 pair of boots
Will    +++..        C - amulet of faith Stlth
                     e - +5 ring of evasion
HPRegen 0.47/turn    v - +6 ring of strength
MPRegen 0.22/turn

%: clarity, faith
@: about to teleport, resistant, heroic, flying
A: sickness immunity, AC +17, big wings, negative energy resistance 1,
electricity resistance, torment resistance 1, petrification resistance, clarity,
deformed body, strong-willed 1, screaming 1
}: 3/15 runes: serpentine, barnacled, silver
a: Renounce Religion, Heroism, Finesse


You were on level 1 of the Realm of Zot.
You worshipped Okawaru.
Okawaru was greatly pleased with you.
You visited 8 branches of the dungeon, and saw 40 of its levels.

You collected 6386 gold pieces.
You spent 5991 gold pieces at shops.


Innate Abilities, Weirdness & Mutations

You are immune to sickness and miasma.
Your stone body is resilient. (AC +17)
You are immune to poison.
Your large and strong wings let you fly.
You resist negative energy. (rN+)
You are resistant to electric shocks. (rElec)
You are resistant to unholy torment.
You are immune to petrification.
You possess an exceptional clarity of mind.
Armour fits poorly on your strangely shaped body.
You are strong-willed. (Will+)
You occasionally shout uncontrollably at your foes.


   Skills:
 - Level 22.0(27) Fighting
 - Level 18.0(23.0) Axes
 + Level 12.8(17.8) Throwing
 - Level 21.0(26.0) Armour
 - Level 7.0(12.0) Dodging
 - Level 21.5(26.5) Shields
 - Level 10.0 Invocations


You had 22 spell levels left.
You didn't know any spells.
Your spell library was empty.

Inventory:

Hand Weapons
 l - a +8 broad axe of chaos
 u - a +7 vampiric war axe (weapon)
 F - a +2 heavy broad axe
Missiles
 h - 33 boomerangs
 J - 15 javelins
 O - 6 boomerangs of dispersal
 P - 4 silver javelins (quivered)
Armour
 p - a +2 pair of boots (worn)
 r - a +2 tower shield (worn)
 w - the +0 chain mail of Vupubayl {rCorr MP+9}
   (You found it on level 11 of the Dungeon)

   MP:        It affects your magic capacity (+9).
   rCorr:     It protects you from acid and corrosion.
 z - a +2 pair of gloves (worn)
 A - the +9 plate armour "Hepnel" (worn) {rF+ Int+4 Stlth+}
   (You bought it in a shop on level 4 of the Shoals)

   Int:       It affects your intelligence (+4).
   rF:        It protects you from fire.
   Stlth:     It makes you more stealthy.
 G - the +1 helmet of the Quahog {Will++ Stlth+}
   (You bought it in a shop on level 4 of the Shoals)

   Will:      It greatly increases your willpower.
   Stlth:     It makes you more stealthy.
 H - a +2 cloak of willpower (worn)
 L - a +7 plate armour of cold resistance
 M - a +2 helmet of see invisible (worn)
Jewellery
 c - the amulet "Pemutoph" {RegenMP SInv}
   (You took it off a deep elf annihilator on level 5 of the Vaults)

   [amulet of magic regeneration]

   It increases your rate of magic regeneration.
   SInv:      It lets you see invisible.
 e - a +5 ring of evasion (left hand)
 o - a ring of protection from fire
 v - a +6 ring of strength (right hand)
 y - a ring of protection from cold
 C - an amulet of faith (around neck)
 D - an amulet of guardian spirit
 E - a ring of protection from fire
 K - a ring of protection from cold
 N - an amulet of the acrobat
Wands
 B - a wand of digging (22)
Scrolls
 i - 23 scrolls of identify
 j - 7 scrolls of teleportation
Potions
 a - 10 potions of enlightenment
 b - 8 potions of magic
 d - 8 potions of might
 f - 8 potions of mutation
 g - 22 potions of curing
 k - 12 potions of attraction
 m - 10 potions of lignification
 n - 4 potions of resistance
 s - 6 potions of haste
 x - 5 potions of cancellation

Dungeon Overview and Level Annotations

Branches:
Dungeon (15/15)            Temple (0/1) D:5            Lair (5/5) D:9
 Shoals (4/4) Lair:3        Snake (4/4) Lair:3        Slime (0/5) Lair:5
    Orc (2/2) D:12            Elf (0/3) Orc:2        Vaults (5/5) D:14
  Crypt (0/3) Vaults:3     Depths (4/4) D:15            Zot (1/5) Depths:4

Altars:
Cheibriados
Gozag
Hepliaklqana
Kikubaaqudgha
Okawaru
Uskayaw
Vehumet
Xom
Yredelemnul
Zin
Jiyva
Lugonu

Shops:
D:8 *   D:10 *   D:13 [*[[   Orc:2 [=:   Shoals:4 ?=[[[   Snake:3 *
Vaults:1 !   Vaults:2 !   Vaults:5 *   Depths:1 *

Portals:
Hell: Depths:1 Depths:2 Depths:3 Depths:4
Abyss: Shoals:1 Depths:3 Depths:4
Pandemonium: Depths:2 Depths:4
Ziggurat: Depths:3

Annotations:
D:1 exclusion: rat
D:3 1 runed translucent door, 2 transporters, Crazy Yiuf
D:4 4 runed translucent doors
Lair:5 1 runed translucent door
Shoals:1 1 runed translucent door
Shoals:3 3 runed translucent doors, ShutUppercut's ghost, adept SpEn
Snake:2 1 runed translucent door, Icun's ghost, journeyman GnWr
Depths:1 4 runed translucent doors, Imio's ghost, adept DgCj
Depths:3 2 transporters
Depths:4 Parghit
Zot:1 Vv


Message History

Enter note:
Enter note:
Enter note: You start resting.
Magic restored.
Enter note:
Enter note:
Enter note: You start resting.
Vv is nearby!
55479 ||| FLEEEEING.
55480 ||| STILL FLEEEEING.
Enter note:
Enter note:
Enter note:
55481 ||| STILL FLEEEEING.
55482 ||| STILL FLEEEEING.
55483 ||| STILL FLEEEEING.
You feel like a meek peon again.
55484 ||| STILL FLEEEEING.
You start resting.
Vv is nearby!
55569 ||| DRINKING 5 potions of resistance.
You feel protected. Vv rends the earth beneath you!
The blast of magma engulfs you! You partially resist.
55570 ||| INVOKING Heroism.
You gain the combat prowess of a mighty hero.
Vv rends the earth beneath you! The blast of magma engulfs you!
You partially resist.
55573 ||| READING 8 scrolls of teleportation.
As you read the scroll of teleportation, it crumbles to dust.
You feel strangely unstable.
You feel the Orb delaying your translocation!
Vv calls gouts of flame from the lava!
The flame surge hits you! You resist.
You closely miss Vv.
Vv is heavily damaged.
Vv hits you. Vv freezes you!! You resist.
You die...

#~.# #.##..~~~~~~ #~.+
#.##.>~####~ #~.#
...+..~# #~ . #¤¤#
#.##..~# #¤ 9~#####~.#
#.¤¤####~ .~~~~¤¤~.#
#.¤¤~¤~~~ .....?¤..#
#..¤~¤~~~ .........###+##
#......¤. #+#......9@.~~#
####'####
#...#######.#.## #.#
+...#~~~~~#~+.....##.####
#...#~~~~~#.# #.......#
#...#~~~~~#.#.....#####.#
#...#######.##### #..
#...........# ###
#############


You could see Vv.

Vanquished Creatures
  2 ancient liches
  An orb of fire (Zot:1)
  Mennas (Depths:3)
  A juggernaut (Depths:4)
  Saint Roka (Depths:3)
  7 golden dragons
  A bone dragon (Depths:4)
  Nikola (Vaults:1)
  9 liches
  5 tentacled monstrosities
  Jorgrun (Snake:1)
  5 quicksilver dragons
  12 titans
  A kraken (Shoals:1)
  6 sphinxes
  Kirke (D:12)
  8 storm dragons
  4 tengu reavers
  2 shadow dragons (Vaults:5)
  8 nagarajas
  A draconian knight (Depths:4)
  6 fire giants
  9 frost giants
  14 vault wardens
  A curse skull (Vaults:3)
  A balrug (Depths:1)
  5 orc warlords
  14 ironbound preservers
  A reaper (Depths:1)
  3 war gargoyles
  18 very ugly things
  2 draconian annihilators
  2 cacodemons (Depths:1)
  2 formless jellyfish
  5 green draconians
  12 stone giants
  2 deep elf annihilators
  Azrael (D:14)
  3 ironbound thunderhulks
  A deep elf demonologist (Vaults:5)
  A black draconian (Depths:4)
  3 red draconians
  12 dire elephants
  4 purple draconians
  2 white draconians (Zot:1)
  2 yellow draconians
  Snorg (Lair:4)
  A blizzard demon (Depths:2)
  10 ettins
  2 green deaths (Depths:1)
  4 fire dragons
  A deep elf death mage (Vaults:3)
  2 merfolk javelineers
  7 merfolk impalers
  4 crystal guardians
  An entropy weaver (Vaults:4)
  6 yaktaur captains
  3 rakshasas
  3 salamander tyrants (Snake:4)
  5 great orbs of eyes
  5 deep elf high priests
  5 peacekeepers
  5 hydras
  31 vault guards
  11 ice dragons
  2 merfolk avatars
  Fannar (Lair:1)
  An alligator snapping turtle (Shoals:4)
  2 ironbound frosthearts
  An anaconda (shapeshifter) (Vaults:5)
  9 centaur warriors
  3 ogre magi (Orc:2)
  A jorogumo (shapeshifter) (Vaults:4)
  A catoblepas (Lair:5)
  2 spriggan air magi (Depths:4)
  7 merfolk aquamancers
  9 anacondas
  5 two-headed ogres
  6 boulder beetles
  A satyr (Shoals:4)
  18 naga warriors
  14 death yaks
  9 deep troll shamans
  7 tengu warriors
  14 deep troll earth magi
  7 naga sharpshooters
  A spriggan berserker (Depths:4)
  2 soul eaters
  6 shock serpents
  3 sun demons (Depths:1)
  15 hell knights
  A fire crab (Lair:4)
  4 skysharks
  Nergalle (D:12)
  5 iron trolls
  4 skeletal warriors (D:13)
  A shadow wraith (Vaults:5)
  4 naga ritualists
  5 glowing orange brains
  2 swamp dragons
  51 deep trolls
  18 sea snakes
  An obsidian statue (Depths:1)
  6 phantasmal warriors (Vaults:5)
  15 ironbound convokers
  4 lindwurms
  15 wizards
  A sphinx zombie (Depths:3)
  Pikel (D:8)
  A deep elf zephyrmancer (Depths:1)
  A wolf spider (D:12)
  7 necromancers
  8 mana vipers
  A shining eye (Shoals:4)
  3 deep elf pyromancers (D:12)
  13 harpies
  28 ugly things
  11 orc knights
  11 manticores
  An oklob plant (Lair:4)
  A manticore (shapeshifter) (Shoals:3)
  10 fauns
  An apocalypse crab (Shoals:1)
  14 orc sorcerers
  16 salamanders
  5 merfolk sirens
  28 black mambas
  2 ice statues (Depths:2)
  9 elephants
  12 cyclopes
  3 moths of wrath (Zot:1)
  3 water nymphs
  18 naga magi
  2 smoke demons (Depths:1)
  2 rust devils
  15 vault sentinels
  A fire giant skeleton (Depths:3)
  10 guardian serpents
  An orange demon (Depths:1)
  12 cane toads
  2 black mambas (shapeshifter)
  3 torpor snails
  3 unseen horrors (D:12)
  3 gargoyles
  3 kobold demonologists (D:11)
  A hellion (Depths:2)
  A rime drake (shapeshifter) (Shoals:1)
  4 rime drakes
  11 komodo dragons
  19 yaktaurs
  2 efreet
  5 freezing wraiths
  A red devil (Depths:1)
  8 trolls
  2 hellwings
  3 meliai (D:14)
  2 wind drakes
  A wind drake (shapeshifter) (Vaults:3)
  10 polar bears
  20 merfolk
  13 blink frogs
  An iron dragon simulacrum (Depths:3)
  21 dream sheep
  29 slime creatures
  14 water elementals
  10 snapping turtles
  7 wraiths
  Sigmund (D:5)
  3 wyverns
  A spriggan (shapeshifter) (Vaults:5)
  A shapeshifter (Shoals:4)
  A culicivora (shapeshifter) (D:12)
  22 humans
  2 shadows
  A ynoxinul (Depths:1)
  42 yaks
  6 basilisks
  3 fire elementals (D:14)
  6 steam dragons
  A chaos spawn (Depths:2)
  2 wargs
  15 vampire mosquitoes
  2 redbacks
  47 nagas
  21 water moccasins
  A two-headed ogre zombie (D:12)
  3 acid dragons
  5 hell hounds (D:14)
  2 swamp drakes (Lair:1)
  23 orc warriors
  A sky beast (D:7)
  6 ice beasts
  11 black bears
  9 ogres
  15 wolves
  4 boggarts (Vaults:2)
  16 centaurs
  5 phantoms
  A lemure (D:8)
  3 kobold brigands
  19 bullfrogs
  2 scorpions (D:5)
  3 wights (D:9)
  A troll zombie (D:12)
  An elephant simulacrum (Lair:2)
  5 killer bees (D:10)
  11 howler monkeys
  6 electric eels
  2 lava snakes (D:14)
  2 hounds
  15 orc priests
  A jelly (D:7)
  Jessica (D:3)
  33 orc wizards
  2 sleepcaps
  Natasha (thrice) (D:2)
  An iguana (D:5)
  2 hell rats (Lair:4)
  A polar bear simulacrum (Lair:2)
  6 ogre zombies (D:12)
  3 gnolls (D:3)
  7 adders
  9 river rats (Lair:4)
  A shadow imp (D:7)
  2 white imps
  3 ufetubi
  2 worms
  5 dart slugs
  69 orcs
  7 endoplasms
  3 giant cockroaches
  4 goblins
  8 hobgoblins
  6 jackals
  3 quokkas
  10 ball pythons
  5 bats
  6 frilled lizards
  4 goblin zombies (D:12)
  A hobgoblin skeleton (D:12)
  2 hobgoblin zombies (D:12)
  22 kobolds
  An orc skeleton (D:12)
  17 orc zombies (D:12)
  3 rats
  3 tentacles (Shoals:1)
1651 creatures vanquished.

Vanquished Creatures (others)
  A lich (Depths:4)
  A merfolk impaler (Shoals:4)
  An ice dragon (Depths:2)
  3 wizards (Depths:2)
  An ironbound convoker (Vaults:1)
  A phantasmal warrior (Vaults:5)
  2 guardian serpents (Snake:4)
  A black mamba (Snake:4)
  A troll (D:12)
  A water elemental (Shoals:3)
  A naga (Snake:3)
  An orc (Depths:3)
  17 tentacles (Shoals:1)
32 creatures vanquished.

Grand Total: 1683 creatures vanquished

Notes
Turn   | Place    | Note
-------+----------+-------------------------------------------
     0 | D:1      | qw the Gargoyle Fighter began the quest for the Orb.
     0 | D:1      | Reached XP level 1. HP: 14/14 MP: 1/1
     0 | D:1      | 0 ||| qw: Version: 0.3-a-7-ge0c9b40
     0 | D:1      | 0 ||| qw: Game counter: 989
     0 | D:1      | 0 ||| qw: Always use a shield: true
     0 | D:1      | 0 ||| qw: God list: Okawaru
     0 | D:1      | 0 ||| qw: Allow faded altars: false
     0 | D:1      | 0 ||| qw: Do Orc after D:15 true
     0 | D:1      | 0 ||| qw: Do second Lair branch before Depths: true
     0 | D:1      | 0 ||| qw: Lair rune preference: random
     0 | D:1      | 0 ||| qw: Plans: Normal, Zot:1-4, Slime:5, God:TSO, Crypt,
                  | Tomb, Abyss, Pan, Hells, Win
     0 | D:1      | 0 ||| PLANNING D:1-11
   165 | D:1      | 165 ||| Stepping ~*~*~tactically~*~*~ (hiding).
   283 | D:1      | 283 ||| Stepping ~*~*~tactically~*~*~ (stealth).
   284 | D:1      | 284 ||| Stepping ~*~*~tactically~*~*~ (stealth).
   296 | D:1      | Reached XP level 2. HP: 11/19 MP: 2/2
   338 | D:1      | 338 ||| Stepping ~*~*~tactically~*~*~ (hiding).
   348 | D:1      | 348 ||| UPGRADING to +5 ring of evasion.
   349 | D:1      | 349 ||| UPGRADING to ring of protection from cold.
   350 | D:1      | 350 ||| READING 2 scrolls labelled ZORIZ KUANUMOM.
   351 | D:1      | 351 ||| FLEEEEING.
   352 | D:1      | 352 ||| READING 2 scrolls labelled OFAETZ ZI YLAU.
   424 | D:1      | 424 ||| Stepping ~*~*~tactically~*~*~ (hiding).
   960 | D:1      | 960 ||| READING 2 scrolls labelled ILECKISAIT.
   961 | D:1      | 961 ||| READING scroll labelled YNUMUQ TECOAVEC.
   971 | D:1      | 971 ||| DRINKING 2 amethyst potions.
   972 | D:1      | 972 ||| DROPPING scroll of blinking.
  1022 | D:2      | Reached skill level 3 in Axes
  1092 | D:2      | Noticed Natasha
  1093 | D:2      | 1093 ||| Stepping ~*~*~tactically~*~*~ (hiding).
  1098 | D:2      | Killed Natasha
  1099 | D:2      | Reached XP level 3. HP: 13/23 MP: 3/3
  1201 | D:2      | 1201 ||| FLEEEEING.
  1220 | D:2      | 1220 ||| Stepping ~*~*~tactically~*~*~ (stealth).
  1286 | D:2      | Noticed Natasha
  1292 | D:2      | Reached XP level 4. HP: 28/28 MP: 4/4
  1295 | D:2      | Killed Natasha
  1306 | D:2      | 1306 ||| Stepping ~*~*~tactically~*~*~ (stealth).
  1327 | D:2      | 1327 ||| Stepping ~*~*~tactically~*~*~ (hiding).
  1670 | D:2      | Noticed Natasha
  1677 | D:2      | Killed Natasha
  1678 | D:2      | Reached XP level 5. HP: 30/32 MP: 5/5
  2046 | D:2      | 2046 ||| READING scroll labelled NIUZAA YFUCRU.
  2047 | D:2      | 2047 ||| READING scroll labelled NIJIBL LURCH.
  2148 | D:2      | 2148 ||| DRINKING 2 glowing clear potions.
  2181 | D:2      | 2181 ||| READING 3 scrolls of identify.
  2181 | D:2      | 2181 ||| IDENTIFYING coppery potion
  2182 | D:2      | 2182 ||| DROPPING potion of brilliance.
  2302 | D:3      | 2302 ||| Stepping ~*~*~tactically~*~*~ (stealth).
  2303 | D:3      | 2303 ||| Stepping ~*~*~tactically~*~*~ (stealth).
  2352 | D:3      | 2352 ||| Stepping ~*~*~tactically~*~*~ (stealth).
  2361 | D:3      | 2361 ||| Stepping ~*~*~tactically~*~*~ (stealth).
  2407 | D:3      | Found a runed translucent door.
  2408 | D:3      | Noticed Crazy Yiuf
  2444 | D:3      | Found a transporter.
  2449 | D:3      | Noticed a kobold demonologist
  2468 | D:3      | Found a transporter.
  2531 | D:3      | 2531 ||| UPGRADING to +0 plate armour.
  2539 | D:3      | 2539 ||| UPGRADING to +0 scale mail.
  2550 | D:3      | 2550 ||| UPGRADING to +0 plate armour.
  2560 | D:3      | 2560 ||| DROPPING +0 scale mail.
  2567 | D:3      | Found a faded altar of an unknown god.
  2740 | D:3      | 2740 ||| DROPPING +0 club.
  2801 | D:3      | 2801 ||| Stepping ~*~*~tactically~*~*~ (hiding).
  2809 | D:3      | Reached XP level 6. HP: 21/38 MP: 6/6
  2811 | D:3      | HP: 8/38 [gnoll/+0 flail (2)]
  2812 | D:3      | 2812 ||| READING 2 scrolls of teleportation.
  2952 | D:3      | Reached skill level 4 in Fighting
  3120 | D:3      | Noticed Jessica
  3129 | D:3      | Killed Jessica
  3219 | D:3      | 3219 ||| Stepping ~*~*~tactically~*~*~ (stealth).
  3471 | D:3      | 3471 ||| DROPPING ring of magical power.
  3472 | D:3      | 3472 ||| READING scroll labelled RIMPIK LASAVYE.
  3473 | D:3      | 3473 ||| READING 4 scrolls of identify.
  3473 | D:3      | 3473 ||| IDENTIFYING blue potion
  3474 | D:3      | 3474 ||| READING 3 scrolls of identify.
  3474 | D:3      | 3474 ||| IDENTIFYING smoky orange potion
  3475 | D:3      | 3475 ||| READING 2 scrolls of identify.
  3475 | D:3      | 3475 ||| IDENTIFYING glowing coppery potion
  3505 | D:4      | 3505 ||| PLANNING SEWER
  3514 | D:4      | Found a large runed translucent door.
  3572 | D:4      | Found a large runed translucent door.
  3583 | D:4      | Found a large runed translucent door.
  3583 | D:4      | Found a large runed translucent door.
  3709 | D:4      | Reached skill level 6 in Axes
  3722 | D:4      | Noticed an orc warrior
  3730 | D:4      | HP: 7/38 [orc warrior/+0 glaive (8)]
  3731 | D:4      | 3731 ||| READING scroll of teleportation.
  3732 | D:4      | 3732 ||| DRINKING potion of heal wounds.
  3837 | D:4      | Reached XP level 7. HP: 43/43 MP: 7/7
  3847 | D:4      | 3847 ||| Stepping ~*~*~tactically~*~*~ (stealth).
  4067 | D:4      | 4067 ||| Stepping ~*~*~tactically~*~*~ (stealth).
  4079 | D:4      | HP: 9/43 [orc warrior/+0 glaive (5)]
  4080 | D:4      | 4080 ||| DRINKING 2 potions of heal wounds.
  4134 | D:4      | 4134 ||| RIP SEWER
  4166 | D:4      | 4166 ||| PLANNING D:1-11
  4231 | D:4      | 4231 ||| Stepping ~*~*~tactically~*~*~ (stealth).
  4553 | D:4      | Reached skill level 5 in Fighting
  4825 | D:4      | 4825 ||| DROPPING orb of guile.
  4826 | D:4      | 4826 ||| UPGRADING to +0 helmet.
  4831 | D:4      | 4831 ||| READING scroll labelled HAFAAL POITRO.
  4832 | D:4      | 4832 ||| READING scroll labelled XUITAINNUO.
  4833 | D:4      | 4833 ||| DROPPING +0 flail.
  4834 | D:4      | 4834 ||| READING 2 scrolls labelled WUDGHO PIQO.
  4835 | D:4      | 4835 ||| DROPPING scroll of fog.
  4863 | D:5      | Entered Level 5 of the Dungeon
  4873 | D:5      | Reached XP level 8. HP: 48/50 MP: 8/8
  4902 | D:5      | Found an iron altar of Okawaru.
  4903 | D:5      | 4903 ||| PLANNING OKAWARU WORSHIP
  4903 | D:5      | 4903 ||| READING scroll labelled PUTAJAMNUB.
  4915 | D:5      | Reached skill level 1 in Dodging
  4945 | D:5      | Became a worshipper of Warmaster Okawaru
  4946 | D:5      | 4946 ||| PLANNING D:1-11
  4972 | D:5      | 4972 ||| Stepping ~*~*~tactically~*~*~ (hiding).
  4982 | D:5      | 4982 ||| Stepping ~*~*~tactically~*~*~ (stealth).
  5002 | D:5      | 5002 ||| Stepping ~*~*~tactically~*~*~ (stealth).
  5003 | D:5      | 5003 ||| Stepping ~*~*~tactically~*~*~ (stealth).
  5010 | D:5      | 5010 ||| Stepping ~*~*~tactically~*~*~ (hiding).
  5021 | D:5      | 5021 ||| Stepping ~*~*~tactically~*~*~ (stealth).
  5223 | D:5      | 5223 ||| Stepping ~*~*~tactically~*~*~ (hiding).
  5233 | D:5      | Found a staircase to the Ecumenical Temple.
  5253 | D:5      | Reached * piety under Okawaru
  5254 | D:5      | Reached skill level 6 in Fighting
  5326 | D:5      | Reached skill level 1 in Invocations
  5522 | D:5      | Found a hide-covered altar of Uskayaw.
  5599 | D:5      | Noticed Sigmund
  5600 | D:5      | 5600 ||| Stepping ~*~*~tactically~*~*~ (hiding).
  5601 | D:5      | 5601 ||| Stepping ~*~*~tactically~*~*~ (hiding).
  5603 | D:5      | 5603 ||| Stepping ~*~*~tactically~*~*~ (hiding).
  5604 | D:5      | 5604 ||| INVOKING Heroism.
  5610 | D:5      | Killed Sigmund
  5611 | D:5      | Reached skill level 3 in Invocations
  5611 | D:5      | Reached XP level 9. HP: 56/56 MP: 7/11
  5839 | D:5      | 5839 ||| READING scroll labelled ODAELU WOZEBE.
  5840 | D:5      | 5840 ||| READING 2 scrolls of identify.
  5840 | D:5      | 5840 ||| IDENTIFYING lumpy blue potion
  5841 | D:5      | 5841 ||| DROPPING potion of degeneration.
  5919 | D:6      | 5919 ||| INVOKING Heroism.
  6004 | D:6      | Found a basalt altar of Yredelemnul.
  6043 | D:6      | 6043 ||| INVOKING Heroism.
  6184 | D:6      | Found a radiant altar of Vehumet.
  6365 | D:6      | 6365 ||| INVOKING Heroism.
  6372 | D:6      | Reached skill level 9 in Axes
  6674 | D:6      | 6674 ||| READING 2 scrolls of identify.
  6674 | D:6      | 6674 ||| IDENTIFYING cyan potion
  6675 | D:6      | 6675 ||| DROPPING potion of ambrosia.
  6757 | D:7      | 6757 ||| INVOKING Heroism.
  6761 | D:7      | Reached skill level 1 in Throwing
  6780 | D:7      | 6780 ||| INVOKING Heroism.
  6782 | D:7      | 6782 ||| Stepping ~*~*~tactically~*~*~ (cloud).
  6824 | D:7      | 6824 ||| Stepping ~*~*~tactically~*~*~ (hiding).
  6825 | D:7      | 6825 ||| Stepping ~*~*~tactically~*~*~ (hiding).
  6826 | D:7      | 6826 ||| Stepping ~*~*~tactically~*~*~ (hiding).
  6930 | D:7      | 6930 ||| INVOKING Heroism.
  6982 | D:7      | Reached skill level 7 in Fighting
  7060 | D:7      | 7060 ||| Stepping ~*~*~tactically~*~*~ (hiding).
  7265 | D:7      | 7265 ||| Stepping ~*~*~tactically~*~*~ (hiding).
  7266 | D:7      | 7266 ||| Stepping ~*~*~tactically~*~*~ (hiding).
  7388 | D:7      | 7388 ||| INVOKING Heroism.
  7394 | D:7      | Reached skill level 6 in Armour
  7713 | D:7      | Found a snail-covered altar of Cheibriados.
  7722 | D:7      | Found a glowing silver altar of Zin.
  7758 | D:7      | 7758 ||| Stepping ~*~*~tactically~*~*~ (stealth).
  7814 | D:7      | 7814 ||| READING scroll labelled MIVO ETOERAFFU.
  7815 | D:7      | 7815 ||| READING scroll labelled UCLUEPOMOC.
  7816 | D:7      | 7816 ||| READING 4 scrolls of identify.
  7816 | D:7      | 7816 ||| IDENTIFYING black potion
  7919 | D:8      | 7919 ||| Stepping ~*~*~tactically~*~*~ (hiding).
  7921 | D:8      | 7921 ||| Stepping ~*~*~tactically~*~*~ (hiding).
  7927 | D:8      | Reached XP level 10. HP: 63/63 MP: 13/13
  7937 | D:8      | 7937 ||| Stepping ~*~*~tactically~*~*~ (stealth).
  7987 | D:8      | Found Zawn's Gadget Gallery.
  7997 | D:8      | 7997 ||| READING 3 scrolls of identify.
  7997 | D:8      | 7997 ||| IDENTIFYING red potion
  8015 | D:8      | 8015 ||| Stepping ~*~*~tactically~*~*~ (hiding).
  8026 | D:8      | 8026 ||| INVOKING Heroism.
  8139 | D:8      | 8139 ||| INVOKING Heroism.
  8140 | D:8      | 8140 ||| Stepping ~*~*~tactically~*~*~ (stealth).
  8141 | D:8      | 8141 ||| Stepping ~*~*~tactically~*~*~ (stealth).
  8142 | D:8      | 8142 ||| Stepping ~*~*~tactically~*~*~ (stealth).
  8159 | D:8      | 8159 ||| Stepping ~*~*~tactically~*~*~ (stealth).
  8185 | D:8      | Noticed Pikel
  8207 | D:8      | Killed Pikel
  8207 | D:8      | Reached ** piety under Okawaru
  8275 | D:8      | 8275 ||| INVOKING Heroism.
  8277 | D:8      | Reached skill level 8 in Fighting
  8427 | D:8      | 8427 ||| UPGRADING to +0 pair of boots.
  8458 | D:9      | 8458 ||| STAIRDANCE
  8501 | D:9      | 8501 ||| Stepping ~*~*~tactically~*~*~ (hiding).
  8505 | D:9      | 8505 ||| INVOKING Heroism.
  8513 | D:9      | 8513 ||| DRINKING 5 potions of curing.
  8513 | D:9      | 8513 ||| (to cure confusion)
  8670 | D:9      | 8670 ||| INVOKING Heroism.
  8789 | D:9      | 8789 ||| Stepping ~*~*~tactically~*~*~ (hiding).
  8792 | D:9      | 8792 ||| INVOKING Heroism.
  8829 | D:9      | 8829 ||| Stepping ~*~*~tactically~*~*~ (stealth).
  8847 | D:9      | 8847 ||| Stepping ~*~*~tactically~*~*~ (hiding).
  8853 | D:9      | Reached *** piety under Okawaru
  8857 | D:9      | 8857 ||| INVOKING Heroism.
  8941 | D:9      | 8941 ||| SWAPPING to +2 war axe of freezing.
  9014 | D:9      | Found a hazy altar of Hepliaklqana.
  9093 | D:9      | Found a staircase to the Lair.
  9145 | D:9      | 9145 ||| Stepping ~*~*~tactically~*~*~ (hiding).
  9146 | D:9      | 9146 ||| INVOKING Heroism.
  9155 | D:9      | Reached XP level 11. HP: 69/69 MP: 12/14
  9175 | D:9      | Identified the +6 falchion of the Grave {heavy, +Blink
                  | rPois rCorr Stlth-}
  9380 | D:9      | 9380 ||| PLANNING LAIR
  9380 | D:9      | 9380 ||| READING scroll labelled YWISINELLU.
  9380 | D:9      | Identified a scroll of acquirement
  9380 | D:9      | 9380 ||| ACQUIRING +6 broad axe of venom
  9380 | D:9      | Acquired a +6 broad axe of venom
  9382 | D:9      | 9382 ||| SWAPPING to +6 broad axe of venom.
  9383 | D:9      | 9383 ||| DROPPING +2 war axe of freezing.
  9403 | Lair:1   | Entered Level 1 of the Lair of Beasts
  9407 | Lair:1   | 9407 ||| Stepping ~*~*~tactically~*~*~ (stealth).
  9411 | Lair:1   | Noticed a swamp dragon
  9412 | Lair:1   | 9412 ||| Stepping ~*~*~tactically~*~*~ (stealth).
  9413 | Lair:1   | Noticed Fannar
  9413 | Lair:1   | Noticed a boulder beetle
  9414 | Lair:1   | 9414 ||| Stepping ~*~*~tactically~*~*~ (hiding).
  9416 | Lair:1   | 9416 ||| Stepping ~*~*~tactically~*~*~ (hiding).
  9417 | Lair:1   | 9417 ||| Stepping ~*~*~tactically~*~*~ (hiding).
  9418 | Lair:1   | 9418 ||| Stepping ~*~*~tactically~*~*~ (hiding).
  9422 | Lair:1   | 9422 ||| INVOKING Heroism.
  9424 | Lair:1   | Reached skill level 9 in Fighting
  9431 | Lair:1   | Killed a swamp dragon
  9438 | Lair:1   | Killed a boulder beetle
  9440 | Lair:1   | Killed Fannar
  9531 | Lair:1   | 9531 ||| INVOKING Heroism.
  9612 | Lair:1   | 9612 ||| INVOKING Heroism.
  9621 | Lair:1   | Reached skill level 12 in Axes
  9644 | Lair:1   | 9644 ||| INVOKING Heroism.
  9653 | Lair:1   | Reached **** piety under Okawaru
  9664 | Lair:1   | 9664 ||| Stepping ~*~*~tactically~*~*~ (stealth).
  9668 | Lair:1   | 9668 ||| Stepping ~*~*~tactically~*~*~ (stealth).
  9674 | Lair:1   | 9674 ||| Stepping ~*~*~tactically~*~*~ (cloud).
  9677 | Lair:1   | 9677 ||| INVOKING Heroism.
  9678 | Lair:1   | 9678 ||| Stepping ~*~*~tactically~*~*~ (cloud).
  9684 | Lair:1   | Reached skill level 6 in Shields
  9701 | Lair:1   | 9701 ||| INVOKING Heroism.
  9762 | Lair:1   | 9762 ||| INVOKING Heroism.
  9775 | Lair:1   | Reached skill level 9 in Armour
  9816 | Lair:1   | 9816 ||| INVOKING Heroism.
  9860 | Lair:1   | 9860 ||| INVOKING Heroism.
  9887 | Lair:1   | Reached skill level 6 in Invocations
  9901 | Lair:1   | 9901 ||| INVOKING Heroism.
  9909 | Lair:1   | Reached XP level 12. HP: 64/77 MP: 14/16
 10517 | Lair:1   | 10517 ||| READING 5 scrolls of identify.
 10517 | Lair:1   | 10517 ||| IDENTIFYING bubbling emerald potion
 10575 | Lair:2   | 10575 ||| INVOKING Heroism.
 10581 | Lair:2   | Reached skill level 10 in Fighting
 10621 | Lair:2   | 10621 ||| Stepping ~*~*~tactically~*~*~ (stealth).
 10925 | Lair:2   | Found a frozen archway.
 11083 | Lair:2   | 11083 ||| Stepping ~*~*~tactically~*~*~ (stealth).
 11101 | Lair:2   | Reached ***** piety under Okawaru
 11324 | Lair:2   | 11324 ||| INVOKING Heroism.
 11703 | Lair:2   | 11703 ||| UPGRADING to +0 pair of gloves.
 11708 | Lair:2   | 11708 ||| READING scroll labelled JIMINA ULEANI.
 11709 | Lair:2   | 11709 ||| READING 5 scrolls of identify.
 11709 | Lair:2   | 11709 ||| IDENTIFYING fuming grey potion
 11830 | Lair:3   | 11830 ||| Stepping ~*~*~tactically~*~*~ (stealth).
 11832 | Lair:3   | 11832 ||| Stepping ~*~*~tactically~*~*~ (stealth).
 11835 | Lair:3   | 11835 ||| INVOKING Heroism.
 11903 | Lair:3   | 11903 ||| Stepping ~*~*~tactically~*~*~ (stealth).
 11915 | Lair:3   | 11915 ||| INVOKING Heroism.
 11918 | Lair:3   | Reached skill level 9 in Invocations
 11935 | Lair:3   | 11935 ||| FLEEEEING.
 11942 | Lair:3   | 11942 ||| FLEEEEING.
 11943 | Lair:3   | 11943 ||| FLEEEEING.
 11944 | Lair:3   | 11944 ||| FLEEEEING.
 11945 | Lair:3   | 11945 ||| FLEEEEING.
 11946 | Lair:3   | 11946 ||| FLEEEEING.
 11947 | Lair:3   | 11947 ||| FLEEEEING.
 11948 | Lair:3   | 11948 ||| FLEEEEING.
 11949 | Lair:3   | 11949 ||| FLEEEEING.
 11950 | Lair:3   | 11950 ||| FLEEEEING.
 11962 | Lair:3   | 11962 ||| FLEEEEING.
 11963 | Lair:3   | 11963 ||| FLEEEEING.
 11964 | Lair:3   | 11964 ||| FLEEEEING.
 11965 | Lair:3   | 11965 ||| FLEEEEING.
 11966 | Lair:3   | 11966 ||| FLEEEEING.
 11967 | Lair:3   | 11967 ||| FLEEEEING.
 11968 | Lair:3   | 11968 ||| FLEEEEING.
 11969 | Lair:3   | 11969 ||| FLEEEEING.
 11970 | Lair:3   | 11970 ||| FLEEEEING.
 11971 | Lair:3   | 11971 ||| FLEEEEING.
 11972 | Lair:3   | 11972 ||| INVOKING Heroism.
 12127 | Lair:3   | Noticed a skyshark
 12136 | Lair:3   | 12136 ||| INVOKING Heroism.
 12138 | Lair:3   | Killed a skyshark
 12293 | Lair:3   | 12293 ||| FLEEEEING.
 12336 | Lair:3   | Received a gift from Okawaru
 12337 | Lair:3   | Reached XP level 13. HP: 76/82 MP: 20/20
 12530 | Lair:3   | Found the +8 demon blade "Leech" {evervamp, Harm Drain rN+}
 12593 | Lair:3   | Found a staircase to the Shoals.
 12640 | Lair:3   | 12640 ||| INVOKING Heroism.
 12718 | Lair:3   | 12718 ||| Stepping ~*~*~tactically~*~*~ (hiding).
 12720 | Lair:3   | Found a staircase to the Snake Pit.
 12723 | Lair:3   | 12723 ||| INVOKING Heroism.
 12873 | Lair:3   | 12873 ||| UPGRADING to +2 cloak of preservation.
 12910 | Lair:4   | 12910 ||| INVOKING Heroism.
 12914 | Lair:4   | 12914 ||| Stepping ~*~*~tactically~*~*~ (stealth).
 12949 | Lair:4   | Reached skill level 3 in Throwing
 12949 | Lair:4   | 12949 ||| Stepping ~*~*~tactically~*~*~ (stealth).
 12974 | Lair:4   | 12974 ||| INVOKING Heroism.
 12975 | Lair:4   | 12975 ||| INVOKING Finesse.
 12987 | Lair:4   | 12987 ||| SWAPPING to +1 war axe of flaming.
 12996 | Lair:4   | 12996 ||| SWAPPING to +6 broad axe of venom.
 13009 | Lair:4   | 13009 ||| SWAPPING to +1 war axe of flaming.
 13025 | Lair:4   | 13025 ||| SWAPPING to +6 broad axe of venom.
 13114 | Lair:4   | 13114 ||| Stepping ~*~*~tactically~*~*~ (stealth).
 13118 | Lair:4   | 13118 ||| INVOKING Heroism.
 13119 | Lair:4   | Identified the +6 pearl dragon scales "Runon" {rElec rN+
                  | Dex+2 Slay-3} (Okawaru gifted it to you on level 4 of the
                  | Lair of Beasts)
 13119 | Lair:4   | Received a gift from Okawaru
 13120 | Lair:4   | Reached skill level 11 in Fighting
 13189 | Lair:4   | 13189 ||| Stepping ~*~*~tactically~*~*~ (stealth).
 13198 | Lair:4   | 13198 ||| Stepping ~*~*~tactically~*~*~ (stealth).
 13279 | Lair:4   | You fall into a shaft and drop 1 floor!
 13279 | Lair:5   | Entered Level 5 of the Lair of Beasts
 13280 | Lair:5   | 13280 ||| INVOKING Heroism.
 13281 | Lair:5   | 13281 ||| INVOKING Finesse.
 13310 | Lair:5   | 13310 ||| Stepping ~*~*~tactically~*~*~ (stealth).
 13323 | Lair:5   | 13323 ||| Stepping ~*~*~tactically~*~*~ (stealth).
 13593 | Lair:5   | Gained mutation: Your large and strong wings let you fly.
                  | [Gargoyle growth]
 13593 | Lair:5   | Reached XP level 14. HP: 90/90 MP: 21/21
 13672 | Lair:5   | 13672 ||| DROPPING +2 chain mail of cold resistance.
 13673 | Lair:5   | 13673 ||| UPGRADING to +6 pearl dragon scales "Runon"
                  | {rElec rN+ Dex+2 Slay-3}.
 13683 | Lair:5   | 13683 ||| DROPPING +0 plate armour.
 13687 | Lair:5   | Found a runed translucent door.
 13688 | Lair:5   | Found a viscous altar of Jiyva.
 13815 | Lair:4   | Reached skill level 3 in Dodging
 13816 | Lair:4   | 13816 ||| Stepping ~*~*~tactically~*~*~ (stealth).
 13890 | Lair:4   | Noticed Snorg
 13891 | Lair:4   | 13891 ||| INVOKING Heroism.
 13903 | Lair:4   | Killed Snorg
 14093 | Lair:4   | 14093 ||| INVOKING Heroism.
 14103 | Lair:4   | Reached skill level 15 in Axes
 14128 | Lair:4   | 14128 ||| Stepping ~*~*~tactically~*~*~ (stealth).
 14129 | Lair:4   | 14129 ||| Stepping ~*~*~tactically~*~*~ (stealth).
 14130 | Lair:4   | 14130 ||| Stepping ~*~*~tactically~*~*~ (stealth).
 14131 | Lair:4   | 14131 ||| Stepping ~*~*~tactically~*~*~ (stealth).
 14134 | Lair:4   | 14134 ||| Stepping ~*~*~tactically~*~*~ (stealth).
 14136 | Lair:4   | 14136 ||| Stepping ~*~*~tactically~*~*~ (stealth).
 14137 | Lair:4   | 14137 ||| Stepping ~*~*~tactically~*~*~ (stealth).
 14182 | Lair:4   | 14182 ||| Stepping ~*~*~tactically~*~*~ (stealth).
 14184 | Lair:4   | 14184 ||| Stepping ~*~*~tactically~*~*~ (stealth).
 14722 | Lair:4   | 14722 ||| INVOKING Heroism.
 14821 | Lair:4   | 14821 ||| Stepping ~*~*~tactically~*~*~ (stealth).
 14980 | Lair:5   | 14980 ||| Stepping ~*~*~tactically~*~*~ (stealth).
 15240 | Lair:5   | 15240 ||| INVOKING Heroism.
 15281 | Lair:5   | Found a staircase to the Slime Pits.
 15299 | Lair:5   | Reached skill level 12 in Fighting
 15370 | Lair:5   | 15370 ||| Stepping ~*~*~tactically~*~*~ (stealth).
 15372 | Lair:5   | 15372 ||| Stepping ~*~*~tactically~*~*~ (stealth).
 15378 | Lair:5   | 15378 ||| FLEEEEING.
 15379 | Lair:5   | 15379 ||| STAIRDANCE
 15411 | Lair:4   | 15411 ||| UPGRADING to +4 ring of slaying {mikee}.
 15427 | Lair:5   | 15427 ||| Stepping ~*~*~tactically~*~*~ (stealth).
 15431 | Lair:5   | 15431 ||| Stepping ~*~*~tactically~*~*~ (stealth).
 15449 | Lair:5   | 15449 ||| FLEEEEING.
 15451 | Lair:5   | 15451 ||| STAIRDANCE
 15525 | Lair:5   | 15525 ||| Stepping ~*~*~tactically~*~*~ (stealth).
 15600 | Lair:5   | 15600 ||| Stepping ~*~*~tactically~*~*~ (stealth).
 15604 | Lair:5   | 15604 ||| INVOKING Heroism.
 15605 | Lair:5   | 15605 ||| Stepping ~*~*~tactically~*~*~ (stealth).
 15608 | Lair:5   | 15608 ||| Stepping ~*~*~tactically~*~*~ (stealth).
 15610 | Lair:5   | 15610 ||| Stepping ~*~*~tactically~*~*~ (stealth).
 15611 | Lair:5   | 15611 ||| Stepping ~*~*~tactically~*~*~ (stealth).
 15622 | Lair:5   | 15622 ||| Stepping ~*~*~tactically~*~*~ (stealth).
 15624 | Lair:5   | 15624 ||| Stepping ~*~*~tactically~*~*~ (stealth).
 15647 | Lair:5   | 15647 ||| INVOKING Heroism.
 15653 | Lair:5   | 15653 ||| Stepping ~*~*~tactically~*~*~ (stealth).
 15873 | Lair:5   | 15873 ||| INVOKING Heroism.
 15877 | Lair:5   | 15877 ||| SWAPPING to +1 war axe of flaming.
 15885 | Lair:5   | 15885 ||| SWAPPING to +6 broad axe of venom.
 15977 | Lair:5   | 15977 ||| Stepping ~*~*~tactically~*~*~ (stealth).
 15980 | Lair:5   | 15980 ||| Stepping ~*~*~tactically~*~*~ (stealth).
 16217 | Lair:5   | 16217 ||| PLANNING D:1-11
 16339 | D:10     | Entered Level 10 of the Dungeon
 16370 | D:10     | 16370 ||| Stepping ~*~*~tactically~*~*~ (stealth).
 16376 | D:10     | 16376 ||| Stepping ~*~*~tactically~*~*~ (hiding).
 16498 | D:10     | 16498 ||| Stepping ~*~*~tactically~*~*~ (stealth).
 16499 | D:10     | 16499 ||| Stepping ~*~*~tactically~*~*~ (stealth).
 16503 | D:10     | 16503 ||| Stepping ~*~*~tactically~*~*~ (stealth).
 16515 | D:10     | Identified the +0 chain mail of Gehenna {Harm rF+ Str+5}
                  | (Okawaru gifted it to you on level 10 of the Dungeon)
 16515 | D:10     | Received a gift from Okawaru
 16531 | D:10     | Found Uletsuef's CLEARANCE SALE!.
 16538 | D:10     | 16538 ||| BUYING potion of lignification (12 gold).
 16538 | D:10     | Bought a potion of lignification for 12 gold pieces
 16538 | D:10     | 16538 ||| BUYING ring of protection from cold (100 gold).
 16538 | D:10     | Bought a ring of protection from cold for 100 gold pieces
 16917 | D:10     | 16917 ||| Stepping ~*~*~tactically~*~*~ (stealth).
 17081 | D:10     | 17081 ||| DROPPING ring of ice.
 17236 | D:11     | 17236 ||| Stepping ~*~*~tactically~*~*~ (hiding).
 17237 | D:11     | 17237 ||| Stepping ~*~*~tactically~*~*~ (hiding).
 17239 | D:11     | 17239 ||| Stepping ~*~*~tactically~*~*~ (hiding).
 17318 | D:11     | Identified the +0 chain mail of Vupubayl {rCorr MP+9}
 17348 | D:11     | 17348 ||| Stepping ~*~*~tactically~*~*~ (hiding).
 17369 | D:11     | Reached XP level 15. HP: 96/96 MP: 22/22
 17701 | D:11     | 17701 ||| PLANNING D
 17729 | D:12     | 17729 ||| INVOKING Heroism.
 17730 | D:12     | Found a shimmering altar of Xom.
 17768 | D:12     | Noticed Nergalle
 17769 | D:12     | 17769 ||| FLEEEEING.
 17774 | D:12     | 17774 ||| STAIRDANCE
 17928 | D:12     | 17928 ||| DROPPING +6 ring of intelligence.
 17929 | D:12     | 17929 ||| Stepping randomly (disturbance).
 18025 | D:12     | Noticed Kirke
 18026 | D:12     | 18026 ||| Stepping ~*~*~tactically~*~*~ (stealth).
 18028 | D:12     | 18028 ||| INVOKING Heroism.
 18029 | D:12     | 18029 ||| INVOKING Finesse.
 18039 | D:12     | Killed Kirke
 18100 | D:12     | Found a staircase to the Orcish Mines.
 18115 | D:12     | 18115 ||| Stepping ~*~*~tactically~*~*~ (stealth).
 18138 | D:12     | Killed Nergalle
 18153 | D:12     | 18153 ||| Stepping ~*~*~tactically~*~*~ (stealth).
 18154 | D:12     | 18154 ||| Stepping ~*~*~tactically~*~*~ (stealth).
 18157 | D:12     | 18157 ||| Stepping ~*~*~tactically~*~*~ (stealth).
 18414 | D:12     | 18414 ||| Stepping ~*~*~tactically~*~*~ (hiding).
 18440 | D:12     | 18440 ||| INVOKING Heroism.
 18561 | D:12     | Identified the +2 rapier "Foemina" {flame, Will+}
 18598 | D:12     | 18598 ||| Stepping randomly (disturbance).
 18599 | D:12     | 18599 ||| Stepping randomly (disturbance).
 18603 | D:12     | 18603 ||| Stepping ~*~*~tactically~*~*~ (hiding).
 18675 | D:12     | Reached skill level 12 in Armour
 18879 | D:12     | 18879 ||| UPGRADING to amulet of faith.
 19001 | D:13     | Found Ozevet's Armour Shop.
 19002 | D:13     | Found Rimuddo's General Store.
 19012 | D:13     | Found Isaom's Antique Armour Shop.
 19014 | D:13     | 19014 ||| INVOKING Heroism.
 19115 | D:13     | Found Vowemoz's Antique Armour Shop.
 19119 | D:13     | 19119 ||| SHOPLISTING ring of Lady Luck {rPois Will+++
                  | Str+6 Dex-2 SInv} (1353 gold, have 1090).
 19119 | D:13     | 19119 ||| BUYING scroll of enchant weapon (135 gold).
 19119 | D:13     | Bought a scroll of enchant weapon for 135 gold pieces
 19119 | D:13     | 19119 ||| READING scroll of enchant weapon.
 19119 | D:13     | 19119 ||| ENCHANTING +6 broad axe of venom.
 19124 | D:13     | 19124 ||| BUYING glowing scarf (208 gold).
 19124 | D:13     | Bought a glowing scarf for 208 gold pieces
 19124 | D:13     | 19124 ||| BUYING runed cloak (195 gold).
 19124 | D:13     | Bought a runed cloak for 195 gold pieces
 19124 | D:13     | 19124 ||| BUYING shiny buckler (195 gold).
 19124 | D:13     | Bought a shiny buckler for 195 gold pieces
 19138 | D:13     | 19138 ||| BUYING +0 helmet of Idatzuir {Str+2} (235 gold).
 19138 | D:13     | Bought the +0 helmet of Idatzuir {Str+2} for 235 gold
                  | pieces
 19138 | D:13     | 19138 ||| SHOPLISTING +1 plate armour of fire resistance
                  | (525 gold, have 122).
 19227 | D:13     | 19227 ||| Stepping ~*~*~tactically~*~*~ (hiding).
 19232 | D:13     | 19232 ||| Stepping ~*~*~tactically~*~*~ (hiding).
 19292 | D:13     | 19292 ||| Stepping ~*~*~tactically~*~*~ (hiding).
 19506 | D:13     | Reached skill level 13 in Fighting
 19577 | D:13     | 19577 ||| INVOKING Heroism.
 19597 | D:13     | Identified the +0 hat of Serendipity {Str+2} (Okawaru
                  | gifted it to you on level 13 of the Dungeon)
 19597 | D:13     | Received a gift from Okawaru
 19669 | D:13     | 19669 ||| READING scroll of enchant armour.
 19669 | D:13     | 19669 ||| ENCHANTING +0 pair of gloves.
 19698 | D:13     | 19698 ||| READING scroll of enchant armour.
 19698 | D:13     | 19698 ||| ENCHANTING +1 pair of gloves.
 19980 | D:13     | 19980 ||| DROPPING scarf of shadows.
 19981 | D:13     | 19981 ||| DROPPING +1 cloak of stealth.
 19982 | D:13     | 19982 ||| UPGRADING to +2 buckler.
 19992 | D:13     | 19992 ||| DROPPING +0 buckler.
 19993 | D:13     | 19993 ||| UPGRADING to +0 helmet of Idatzuir {Str+2}.
 20003 | D:13     | 20003 ||| DROPPING +0 helmet.
 20004 | D:13     | 20004 ||| DROPPING +0 hat of Serendipity {Str+2}.
 20005 | D:13     | 20005 ||| READING 2 scrolls labelled DIQYFO TEPS.
 20006 | D:13     | 20006 ||| DROPPING scroll of revelation.
 20025 | D:14     | Noticed Azrael
 20026 | D:14     | 20026 ||| INVOKING Heroism.
 20027 | D:14     | 20027 ||| INVOKING Finesse.
 20045 | D:14     | Killed Azrael
 20144 | D:14     | 20144 ||| FLEEEEING.
 20150 | D:14     | 20150 ||| INVOKING Heroism.
 20151 | D:14     | 20151 ||| SWAPPING to +1 war axe of flaming.
 20158 | D:14     | 20158 ||| SWAPPING to +7 broad axe of venom.
 20246 | D:14     | 20246 ||| Stepping ~*~*~tactically~*~*~ (stealth).
 20278 | D:14     | 20278 ||| Stepping ~*~*~tactically~*~*~ (hiding).
 20279 | D:14     | 20279 ||| Stepping ~*~*~tactically~*~*~ (hiding).
 20299 | D:14     | Identified the +1 chain mail "Jezxuaj" {+Blink Dex+2}
 20325 | D:14     | 20325 ||| Stepping ~*~*~tactically~*~*~ (stealth).
 20332 | D:14     | 20332 ||| INVOKING Heroism.
 20339 | D:14     | 20339 ||| SWAPPING to +1 war axe of flaming.
 20348 | D:14     | 20348 ||| SWAPPING to +7 broad axe of venom.
 20370 | D:14     | 20370 ||| Stepping ~*~*~tactically~*~*~ (stealth).
 20371 | D:14     | 20371 ||| Stepping ~*~*~tactically~*~*~ (stealth).
 20398 | D:14     | 20398 ||| INVOKING Heroism.
 20560 | D:14     | 20560 ||| READING scroll of brand weapon.
 20560 | D:14     | 20560 ||| BRANDING +7 broad axe of venom.
 20711 | D:14     | Identified the +0 leather armour of the Harp {+Blink rElec
                  | Str+4}
 20712 | D:14     | 20712 ||| INVOKING Heroism.
 20737 | D:14     | HP: 22/98 [meliai/divine providence (15)]
 20738 | D:14     | 20738 ||| READING 10 scrolls of teleportation.
 20739 | D:14     | 20739 ||| DRINKING 2 potions of heal wounds.
 20744 | D:14     | Reached XP level 16. HP: 27/104 MP: 23/23
 20910 | D:14     | 20910 ||| INVOKING Heroism.
 20918 | D:14     | Reached skill level 18 in Axes
 21012 | D:14     | 21012 ||| Stepping ~*~*~tactically~*~*~ (hiding).
 21013 | D:14     | 21013 ||| INVOKING Heroism.
 21025 | D:14     | 21025 ||| Stepping ~*~*~tactically~*~*~ (hiding).
 21033 | D:14     | Reached skill level 9 in Shields
 21048 | D:14     | 21048 ||| Stepping ~*~*~tactically~*~*~ (hiding).
 21087 | D:14     | 21087 ||| FLEEEEING.
 21088 | D:14     | 21088 ||| FLEEEEING.
 21090 | D:14     | 21090 ||| FLEEEEING.
 21091 | D:14     | 21091 ||| FLEEEEING.
 21095 | D:14     | 21095 ||| FLEEEEING.
 21096 | D:14     | 21096 ||| FLEEEEING.
 21097 | D:14     | 21097 ||| FLEEEEING.
 21098 | D:14     | 21098 ||| FLEEEEING.
 21099 | D:14     | 21099 ||| FLEEEEING.
 21100 | D:14     | 21100 ||| STAIRDANCE
 21130 | D:13     | 21130 ||| UPGRADING to +2 kite shield of cold resistance.
 21140 | D:13     | 21140 ||| DROPPING +2 buckler.
 21141 | D:13     | 21141 ||| READING 11 scrolls of identify.
 21141 | D:13     | 21141 ||| IDENTIFYING brown potion
 21142 | D:13     | 21142 ||| DROPPING potion of invisibility.
 21157 | D:14     | 21157 ||| DROPPING +0 broad axe.
 21371 | D:14     | Found a gate to the Vaults.
 21598 | D:14     | 21598 ||| UPGRADING to +0 tower shield.
 21608 | D:14     | 21608 ||| DROPPING +2 kite shield of cold resistance.
 21613 | D:15     | Entered Level 15 of the Dungeon
 21621 | D:15     | 21621 ||| FLEEEEING.
 21622 | D:15     | 21622 ||| FLEEEEING.
 21623 | D:15     | 21623 ||| FLEEEEING.
 21624 | D:15     | 21624 ||| STAIRDANCE
 21781 | D:15     | 21781 ||| INVOKING Heroism.
 21844 | D:15     | 21844 ||| Stepping ~*~*~tactically~*~*~ (stealth).
 21927 | D:15     | 21927 ||| Stepping ~*~*~tactically~*~*~ (stealth).
 22185 | D:15     | Found a staircase to the Depths.
 22186 | D:15     | 22186 ||| INVOKING Heroism.
 22341 | D:15     | 22341 ||| PLANNING ORC
 22438 | Orc:1    | Entered Level 1 of the Orcish Mines
 22537 | Orc:1    | 22537 ||| Stepping ~*~*~tactically~*~*~ (hiding).
 22903 | Orc:2    | Entered Level 2 of the Orcish Mines
 22907 | Orc:2    | 22907 ||| INVOKING Heroism.
 22956 | Orc:2    | Found a staircase to the Elven Halls.
 22973 | Orc:2    | 22973 ||| Stepping ~*~*~tactically~*~*~ (stealth).
 22975 | Orc:2    | 22975 ||| Stepping ~*~*~tactically~*~*~ (stealth).
 22977 | Orc:2    | 22977 ||| Stepping ~*~*~tactically~*~*~ (hiding).
 22980 | Orc:2    | 22980 ||| Stepping ~*~*~tactically~*~*~ (hiding).
 22981 | Orc:2    | 22981 ||| Stepping ~*~*~tactically~*~*~ (hiding).
 22986 | Orc:2    | 22986 ||| INVOKING Heroism.
 22989 | Orc:2    | 22989 ||| Stepping ~*~*~tactically~*~*~ (hiding).
 22998 | Orc:2    | 22998 ||| Stepping ~*~*~tactically~*~*~ (hiding).
 23006 | Orc:2    | 23006 ||| INVOKING Heroism.
 23144 | Orc:2    | 23144 ||| INVOKING Heroism.
 23201 | Orc:2    | 23201 ||| Stepping ~*~*~tactically~*~*~ (stealth).
 23210 | Orc:2    | 23210 ||| INVOKING Heroism.
 23213 | Orc:2    | 23213 ||| Stepping ~*~*~tactically~*~*~ (hiding).
 23237 | Orc:2    | 23237 ||| Stepping ~*~*~tactically~*~*~ (stealth).
 23279 | Orc:2    | 23279 ||| INVOKING Heroism.
 23293 | Orc:2    | Found Coefiyze's Distillery.
 23319 | Orc:2    | 23319 ||| BUYING potion of curing (39 gold).
 23319 | Orc:2    | Bought a potion of curing for 39 gold pieces
 23319 | Orc:2    | 23319 ||| BUYING potion of enlightenment (65 gold).
 23319 | Orc:2    | Bought a potion of enlightenment for 65 gold pieces
 23319 | Orc:2    | 23319 ||| BUYING potion of enlightenment (65 gold).
 23319 | Orc:2    | Bought a potion of enlightenment for 65 gold pieces
 23319 | Orc:2    | 23319 ||| BUYING potion of enlightenment (65 gold).
 23319 | Orc:2    | Bought a potion of enlightenment for 65 gold pieces
 23319 | Orc:2    | 23319 ||| BUYING potion of haste (130 gold).
 23319 | Orc:2    | Bought a potion of haste for 130 gold pieces
 23319 | Orc:2    | 23319 ||| BUYING potion of heal wounds (65 gold).
 23319 | Orc:2    | Bought a potion of heal wounds for 65 gold pieces
 23319 | Orc:2    | 23319 ||| BUYING potion of magic (104 gold).
 23319 | Orc:2    | Bought a potion of magic for 104 gold pieces
 23336 | Orc:2    | Found a radiant altar of Vehumet.
 23337 | Orc:2    | 23337 ||| INVOKING Heroism.
 23342 | Orc:2    | 23342 ||| Stepping ~*~*~tactically~*~*~ (hiding).
 23357 | Orc:2    | Received a gift from Okawaru
 23365 | Orc:2    | Found Onuco's Book Emporium.
 23393 | Orc:2    | 23393 ||| Stepping ~*~*~tactically~*~*~ (hiding).
 23396 | Orc:2    | 23396 ||| INVOKING Heroism.
 23405 | Orc:2    | Found an ancient bone altar of Kikubaaqudgha.
 23411 | Orc:2    | Reached skill level 12 in Shields
 23489 | Orc:2    | 23489 ||| INVOKING Heroism.
 23646 | Orc:2    | 23646 ||| Stepping ~*~*~tactically~*~*~ (stealth).
 23656 | Orc:2    | 23656 ||| Stepping ~*~*~tactically~*~*~ (hiding).
 23657 | Orc:2    | 23657 ||| Stepping ~*~*~tactically~*~*~ (hiding).
 23658 | Orc:2    | 23658 ||| Stepping ~*~*~tactically~*~*~ (hiding).
 23667 | Orc:2    | 23667 ||| Stepping ~*~*~tactically~*~*~ (hiding).
 23668 | Orc:2    | 23668 ||| Stepping ~*~*~tactically~*~*~ (hiding).
 23669 | Orc:2    | 23669 ||| Stepping ~*~*~tactically~*~*~ (hiding).
 23908 | Orc:2    | Found Joclamih's Antique Armour Shoppe.
 23909 | Orc:2    | 23909 ||| Stepping ~*~*~tactically~*~*~ (hiding).
 23913 | Orc:2    | 23913 ||| INVOKING Heroism.
 23917 | Orc:2    | Paralysed by an orc sorcerer for 2 turns
 23922 | Orc:2    | Found Gaptih's Jewellery Emporium.
 23932 | Orc:2    | 23932 ||| SHOPLISTING glowing pearl dragon scales (3165
                  | gold, have 849).
 23946 | Orc:2    | 23946 ||| BUYING +6 ring of strength (612 gold).
 23946 | Orc:2    | Bought a +6 ring of strength for 612 gold pieces
 23972 | Orc:2    | 23972 ||| PLANNING SHOALS:1-3
 23972 | Orc:2    | 23972 ||| UPGRADING to +6 ring of strength.
 23974 | Orc:2    | 23974 ||| DROPPING +4 ring of slaying {mikee}.
 24227 | Shoals:1 | Entered Level 1 of the Shoals
 24236 | Shoals:1 | 24236 ||| STAIRDANCE
 24314 | Shoals:1 | 24314 ||| INVOKING Heroism.
 24384 | Shoals:1 | 24384 ||| Stepping ~*~*~tactically~*~*~ (hiding).
 24454 | Shoals:1 | 24454 ||| INVOKING Heroism.
 24474 | Shoals:1 | 24474 ||| Stepping ~*~*~tactically~*~*~ (hiding).
 24504 | Shoals:1 | 24504 ||| READING scroll of enchant weapon.
 24504 | Shoals:1 | 24504 ||| ENCHANTING +7 broad axe of chaos.
 24746 | Shoals:1 | Found a runed translucent door.
 24837 | Shoals:1 | Received a gift from Okawaru
 24950 | Shoals:1 | Noticed a kraken
 25022 | Shoals:1 | Killed a kraken
 25388 | Shoals:1 | Found a corrupted altar of Lugonu.
 25390 | Shoals:1 | Found a one-way gate to the infinite horrors of the Abyss.
 25854 | Shoals:2 | 25854 ||| INVOKING Heroism.
 25891 | Shoals:2 | 25891 ||| Stepping ~*~*~tactically~*~*~ (hiding).
 25892 | Shoals:2 | 25892 ||| Stepping ~*~*~tactically~*~*~ (stealth).
 25893 | Shoals:2 | 25893 ||| Stepping ~*~*~tactically~*~*~ (hiding).
 25894 | Shoals:2 | 25894 ||| Stepping ~*~*~tactically~*~*~ (hiding).
 25938 | Shoals:2 | Reached XP level 17. HP: 79/109 MP: 24/24
 26069 | Shoals:2 | 26069 ||| INVOKING Heroism.
 26070 | Shoals:2 | 26070 ||| INVOKING Finesse.
 26079 | Shoals:2 | Reached skill level 15 in Shields
 26856 | Shoals:3 | Received a gift from Okawaru
 27268 | Shoals:3 | Found a runed translucent gate.
 27268 | Shoals:3 | Found a runed translucent gate.
 27285 | Shoals:3 | Found a runed translucent gate.
 27289 | Shoals:3 | Noticed ShutUppercut's ghost (adept SpEn)
 27327 | Shoals:3 | 27327 ||| INVOKING Heroism.
 27430 | Shoals:3 | 27430 ||| Stepping ~*~*~tactically~*~*~ (hiding).
 27431 | Shoals:3 | 27431 ||| Stepping ~*~*~tactically~*~*~ (hiding).
 27432 | Shoals:3 | 27432 ||| Stepping ~*~*~tactically~*~*~ (hiding).
 27434 | Shoals:3 | 27434 ||| Stepping ~*~*~tactically~*~*~ (hiding).
 27437 | Shoals:3 | 27437 ||| INVOKING Heroism.
 27438 | Shoals:3 | 27438 ||| INVOKING Finesse.
 27752 | Shoals:3 | 27752 ||| PLANNING SNAKE:1-3
 27759 | Shoals:3 | 27759 ||| PLANNING SHOALS:1-3
 27768 | Shoals:3 | 27768 ||| PLANNING SNAKE:1-3
 27792 | Shoals:3 | 27792 ||| PLANNING SHOALS:1-3
 27807 | Shoals:3 | 27807 ||| PLANNING SNAKE:1-3
 27828 | Shoals:3 | 27828 ||| PLANNING SHOALS:1-3
 27848 | Shoals:3 | 27848 ||| PLANNING SNAKE:1-3
 27876 | Shoals:3 | 27876 ||| PLANNING SHOALS:1-3
 27903 | Shoals:3 | 27903 ||| PLANNING SNAKE:1-3
 27949 | Shoals:3 | 27949 ||| PLANNING SHOALS:1-3
 27987 | Shoals:3 | 27987 ||| PLANNING SNAKE:1-3
 28211 | Snake:1  | Entered Level 1 of the Snake Pit
 28215 | Snake:1  | 28215 ||| Stepping ~*~*~tactically~*~*~ (hiding).
 28294 | Snake:1  | 28294 ||| Stepping ~*~*~tactically~*~*~ (hiding).
 28347 | Snake:1  | 28347 ||| Stepping ~*~*~tactically~*~*~ (hiding).
 28350 | Snake:1  | 28350 ||| Stepping ~*~*~tactically~*~*~ (hiding).
 28475 | Snake:1  | 28475 ||| Stepping ~*~*~tactically~*~*~ (hiding).
 28477 | Snake:1  | 28477 ||| Stepping ~*~*~tactically~*~*~ (hiding).
 28479 | Snake:1  | 28479 ||| Stepping ~*~*~tactically~*~*~ (hiding).
 28480 | Snake:1  | 28480 ||| Stepping ~*~*~tactically~*~*~ (hiding).
 28482 | Snake:1  | 28482 ||| Stepping ~*~*~tactically~*~*~ (hiding).
 28614 | Snake:1  | 28614 ||| INVOKING Heroism.
 28615 | Snake:1  | Noticed Jorgrun
 28628 | Snake:1  | Killed Jorgrun
 28880 | Snake:1  | Received a gift from Okawaru
 28882 | Snake:1  | 28882 ||| DROPPING +1 war axe of flaming.
 28900 | Snake:1  | 28900 ||| INVOKING Heroism.
 29184 | Snake:1  | 29184 ||| Stepping ~*~*~tactically~*~*~ (hiding).
 29192 | Snake:1  | 29192 ||| INVOKING Heroism.
 29390 | Snake:2  | 29390 ||| Stepping ~*~*~tactically~*~*~ (stealth).
 29392 | Snake:2  | 29392 ||| Stepping ~*~*~tactically~*~*~ (stealth).
 29490 | Snake:2  | Found a runed translucent door.
 29491 | Snake:2  | Noticed Icun's ghost (journeyman GnWr)
 29619 | Snake:2  | 29619 ||| Stepping ~*~*~tactically~*~*~ (stealth).
 29628 | Snake:2  | 29628 ||| INVOKING Heroism.
 29773 | Snake:2  | 29773 ||| Stepping ~*~*~tactically~*~*~ (hiding).
 29774 | Snake:2  | 29774 ||| Stepping ~*~*~tactically~*~*~ (hiding).
 29923 | Snake:2  | 29923 ||| Stepping ~*~*~tactically~*~*~ (hiding).
 30015 | Snake:2  | 30015 ||| Stepping ~*~*~tactically~*~*~ (hiding).
 30223 | Snake:2  | 30223 ||| Stepping ~*~*~tactically~*~*~ (hiding).
 30867 | Snake:3  | Found Mabem's Assorted Antiques.
 30886 | Snake:3  | 30886 ||| BUYING potion of curing (75 gold).
 30886 | Snake:3  | Bought a potion of curing for 75 gold pieces
 30886 | Snake:3  | 30886 ||| BUYING potion of magic (200 gold).
 30886 | Snake:3  | Bought a potion of magic for 200 gold pieces
 30886 | Snake:3  | 30886 ||| BUYING potion of mutation (200 gold).
 30886 | Snake:3  | Bought a potion of mutation for 200 gold pieces
 30904 | Snake:3  | 30904 ||| Stepping ~*~*~tactically~*~*~ (stealth).
 30905 | Snake:3  | 30905 ||| Stepping ~*~*~tactically~*~*~ (stealth).
 30908 | Snake:3  | 30908 ||| Stepping ~*~*~tactically~*~*~ (hiding).
 30966 | Snake:3  | 30966 ||| INVOKING Heroism.
 30980 | Snake:3  | Received a gift from Okawaru
 31008 | Snake:3  | 31008 ||| Stepping ~*~*~tactically~*~*~ (hiding).
 31112 | Snake:3  | 31112 ||| Stepping ~*~*~tactically~*~*~ (hiding).
 31116 | Snake:3  | 31116 ||| INVOKING Heroism.
 31124 | Snake:3  | Reached skill level 14 in Fighting
 31187 | Snake:3  | 31187 ||| READING scroll of enchant armour.
 31187 | Snake:3  | 31187 ||| ENCHANTING +0 pair of boots.
 31191 | Snake:3  | 31191 ||| READING scroll of enchant armour.
 31191 | Snake:3  | 31191 ||| ENCHANTING +1 pair of boots.
 31227 | Snake:3  | 31227 ||| Stepping ~*~*~tactically~*~*~ (hiding).
 31229 | Snake:3  | 31229 ||| INVOKING Heroism.
 31296 | Snake:3  | 31296 ||| INVOKING Heroism.
 31315 | Snake:3  | Reached skill level 18 in Shields
 31332 | Snake:3  | Reached XP level 18. HP: 102/116 MP: 25/25
 31367 | Snake:3  | 31367 ||| DROPPING +1 broad axe of flaming.
 31569 | Snake:3  | 31569 ||| PLANNING SHOALS:4
 31750 | Shoals:4 | Entered Level 4 of the Shoals
 31779 | Shoals:4 | Found Veepidgh's Antique Armour Shoppe.
 31779 | Shoals:4 | Found Xata's Armour Shop.
 31784 | Shoals:4 | 31784 ||| INVOKING Heroism.
 31800 | Shoals:4 | Received a gift from Okawaru
 31819 | Shoals:4 | 31819 ||| DROPPING +2 broad axe of distortion.
 31827 | Shoals:4 | 31827 ||| BUYING +1 helmet of the Quahog {Will++ Stlth+}
                  | (566 gold).
 31827 | Shoals:4 | Bought the +1 helmet of the Quahog {Will++ Stlth+} for 566
                  | gold pieces
 31827 | Shoals:4 | 31827 ||| SHOPLISTING +6 scale mail of Hedge Wizardry {rF+
                  | Will+ Dex+3} (1018 gold, have 262).
 31845 | Shoals:4 | 31845 ||| INVOKING Heroism.
 31924 | Shoals:4 | Found Xuofukif's Magic Scroll Emporium.
 31937 | Shoals:4 | 31937 ||| BUYING scroll of teleportation (60 gold).
 31937 | Shoals:4 | Bought a scroll of teleportation for 60 gold pieces
 31937 | Shoals:4 | 31937 ||| BUYING scroll of teleportation (60 gold).
 31937 | Shoals:4 | Bought a scroll of teleportation for 60 gold pieces
 31939 | Shoals:4 | Found Ycanut's Antique Armour Shop.
 31951 | Shoals:4 | 31951 ||| INVOKING Heroism.
 31967 | Shoals:4 | 31967 ||| SHOPLISTING crystal plate armour (3440 gold, have
                  | 142).
 31967 | Shoals:4 | 31967 ||| SHOPLISTING heavily runed plate armour (1204
                  | gold, have 142).
 31967 | Shoals:4 | 31967 ||| SHOPLISTING shiny shadow dragon scales (3569
                  | gold, have 142).
 31969 | Shoals:4 | 31969 ||| SHOPLISTING pair of glowing boots (210 gold, have
                  | 142).
 31969 | Shoals:4 | 31969 ||| SHOPLISTING shiny helmet (210 gold, have 142).
 32030 | Shoals:4 | 32030 ||| INVOKING Heroism.
 32031 | Shoals:4 | 32031 ||| INVOKING Finesse.
 32087 | Shoals:4 | Got a barnacled rune of Zot
 32099 | Shoals:4 | Found Taudghi's Jewellery Boutique.
 32102 | Shoals:4 | 32102 ||| SHOPLISTING amulet of the acrobat (420 gold, have
                  | 142).
 32111 | Shoals:4 | 32111 ||| Stepping ~*~*~tactically~*~*~ (stealth).
 32112 | Shoals:4 | 32112 ||| Stepping ~*~*~tactically~*~*~ (stealth).
 32168 | Shoals:4 | 32168 ||| INVOKING Heroism.
 32551 | Shoals:4 | Reached skill level 6 in Throwing
 32651 | Shoals:4 | 32651 ||| INVOKING Heroism.
 32661 | Shoals:4 | 32661 ||| INVOKING Finesse.
 32669 | Shoals:4 | Received a gift from Okawaru
 32697 | Shoals:4 | 32697 ||| Stepping ~*~*~tactically~*~*~ (hiding).
 32698 | Shoals:4 | 32698 ||| Stepping ~*~*~tactically~*~*~ (hiding).
 32874 | Shoals:4 | Identified the staff "Ataruc" {rF- rN+++ MP+9 Dex+3 Earth}
 32910 | Shoals:4 | 32910 ||| Stepping ~*~*~tactically~*~*~ (stealth).
 32911 | Shoals:4 | Identified the +5 short sword "Uceops" {drain, Will+}
 32913 | Shoals:4 | 32913 ||| INVOKING Heroism.
 33082 | Shoals:4 | 33082 ||| Stepping ~*~*~tactically~*~*~ (stealth).
 33154 | Shoals:4 | 33154 ||| PLANNING VAULTS:1-4
 33154 | Shoals:4 | 33154 ||| UPGRADING to +1 helmet of the Quahog {Will++
                  | Stlth+}.
 33502 | Vaults:1 | Entered Level 1 of the Vaults
 33512 | Vaults:1 | 33512 ||| STAIRDANCE
 33515 | D:14     | 33515 ||| INVOKING Heroism.
 33725 | Vaults:1 | 33725 ||| INVOKING Heroism.
 33787 | Vaults:1 | Found Femutemy's Distillery.
 33795 | Vaults:1 | 33795 ||| BUYING 2 potions of attraction (72 gold).
 33795 | Vaults:1 | Bought 2 potions of attraction for 72 gold pieces
 33795 | Vaults:1 | 33795 ||| BUYING potion of attraction (36 gold).
 33795 | Vaults:1 | Bought a potion of attraction for 36 gold pieces
 33795 | Vaults:1 | 33795 ||| BUYING potion of attraction (36 gold).
 33795 | Vaults:1 | Bought a potion of attraction for 36 gold pieces
 33795 | Vaults:1 | 33795 ||| SHOPLISTING potion of cancellation (96 gold, have
                  | 20).
 33795 | Vaults:1 | 33795 ||| SHOPLISTING potion of curing (36 gold, have 20).
 33795 | Vaults:1 | 33795 ||| SHOPLISTING potion of enlightenment (60 gold,
                  | have 20).
 33795 | Vaults:1 | 33795 ||| SHOPLISTING potion of magic (96 gold, have 20).
 33830 | Vaults:1 | Found the +12 glaive of Prune {freeze, Prune}
 33842 | Vaults:1 | 33842 ||| FLEEEEING.
 33843 | Vaults:1 | 33843 ||| FLEEEEING.
 33844 | Vaults:1 | 33844 ||| FLEEEEING.
 33845 | Vaults:1 | 33845 ||| FLEEEEING.
 33848 | Vaults:1 | 33848 ||| FLEEEEING.
 33849 | Vaults:1 | 33849 ||| FLEEEEING.
 33850 | Vaults:1 | 33850 ||| FLEEEEING.
 33857 | Vaults:1 | Noticed Nikola
 33858 | Vaults:1 | 33858 ||| INVOKING Heroism.
 33870 | Vaults:1 | Received a gift from Okawaru
 33886 | Vaults:1 | 33886 ||| INVOKING Finesse.
 33902 | Vaults:1 | Killed Nikola
 34114 | Vaults:1 | Reached skill level 15 in Fighting
 34491 | Vaults:1 | 34491 ||| Stepping ~*~*~tactically~*~*~ (stealth).
 34502 | Vaults:1 | 34502 ||| INVOKING Heroism.
 34507 | Vaults:1 | Received a gift from Okawaru
 34640 | Vaults:1 | 34640 ||| Stepping ~*~*~tactically~*~*~ (hiding).
 34641 | Vaults:1 | 34641 ||| Stepping ~*~*~tactically~*~*~ (stealth).
 34653 | Vaults:1 | 34653 ||| Stepping ~*~*~tactically~*~*~ (hiding).
 34662 | Vaults:1 | 34662 ||| Stepping ~*~*~tactically~*~*~ (hiding).
 34769 | Vaults:1 | Received a gift from Okawaru
 34794 | Vaults:1 | 34794 ||| Stepping ~*~*~tactically~*~*~ (stealth).
 34802 | Vaults:1 | 34802 ||| INVOKING Heroism.
 35247 | Vaults:1 | 35247 ||| UPGRADING to +2 cloak of willpower.
 35257 | Vaults:1 | 35257 ||| DROPPING +2 cloak of preservation.
 35258 | Vaults:1 | 35258 ||| DROPPING +4 ring of protection.
 35354 | Vaults:2 | Identified the +8 rapier "Cuwokucu" {flame, Str+6} (Okawaru
                  | gifted it to you on level 2 of the Vaults)
 35354 | Vaults:2 | Received a gift from Okawaru
 35355 | Vaults:2 | Reached XP level 19. HP: 124/124 MP: 26/26
 35422 | Vaults:2 | 35422 ||| Stepping ~*~*~tactically~*~*~ (stealth).
 35428 | Vaults:2 | 35428 ||| Stepping ~*~*~tactically~*~*~ (stealth).
 35684 | Vaults:2 | 35684 ||| INVOKING Heroism.
 35685 | Vaults:2 | 35685 ||| INVOKING Finesse.
 35693 | Vaults:2 | 35693 ||| Stepping ~*~*~tactically~*~*~ (stealth).
 35813 | Vaults:2 | 35813 ||| Stepping ~*~*~tactically~*~*~ (stealth).
 35921 | Vaults:2 | 35921 ||| INVOKING Heroism.
 36039 | Vaults:2 | Found Rauzain's Distillery.
 36047 | Vaults:2 | 36047 ||| BUYING 2 potions of heal wounds (190 gold).
 36047 | Vaults:2 | Bought 2 potions of heal wounds for 190 gold pieces
 36047 | Vaults:2 | 36047 ||| BUYING potion of curing (57 gold).
 36047 | Vaults:2 | Bought a potion of curing for 57 gold pieces
 36047 | Vaults:2 | 36047 ||| BUYING potion of curing (57 gold).
 36047 | Vaults:2 | Bought a potion of curing for 57 gold pieces
 36047 | Vaults:2 | 36047 ||| BUYING potion of curing (57 gold).
 36047 | Vaults:2 | Bought a potion of curing for 57 gold pieces
 36047 | Vaults:2 | 36047 ||| BUYING potion of curing (57 gold).
 36047 | Vaults:2 | Bought a potion of curing for 57 gold pieces
 36047 | Vaults:2 | 36047 ||| SHOPLISTING potion of enlightenment (95 gold,
                  | have 13).
 36065 | Vaults:2 | 36065 ||| Stepping ~*~*~tactically~*~*~ (hiding).
 36094 | Vaults:2 | 36094 ||| Stepping ~*~*~tactically~*~*~ (hiding).
 36103 | Vaults:2 | 36103 ||| INVOKING Heroism.
 36192 | Vaults:2 | 36192 ||| INVOKING Heroism.
 36203 | Vaults:2 | 36203 ||| Stepping ~*~*~tactically~*~*~ (stealth).
 36251 | Vaults:2 | 36251 ||| Stepping ~*~*~tactically~*~*~ (stealth).
 36357 | Vaults:2 | 36357 ||| Stepping ~*~*~tactically~*~*~ (hiding).
 36360 | Vaults:2 | 36360 ||| INVOKING Heroism.
 36364 | Vaults:2 | Reached skill level 9 in Throwing
 36387 | Vaults:2 | Received a gift from Okawaru
 36606 | Vaults:2 | Reached skill level 16 in Fighting
 36630 | Vaults:2 | Received a gift from Okawaru
 36685 | Vaults:2 | 36685 ||| Stepping ~*~*~tactically~*~*~ (hiding).
 36750 | Vaults:2 | 36750 ||| INVOKING Heroism.
 36751 | Vaults:2 | 36751 ||| INVOKING Finesse.
 36826 | Vaults:2 | 36826 ||| INVOKING Heroism.
 37012 | Vaults:2 | Identified the +8 quarterstaff of the Lonely Coins
                  | {protect, rC+ Int+2}
 37162 | Vaults:3 | 37162 ||| Stepping ~*~*~tactically~*~*~ (hiding).
 37234 | Vaults:3 | 37234 ||| INVOKING Heroism.
 37257 | Vaults:3 | Reached skill level 6 in Dodging
 37384 | Vaults:3 | 37384 ||| Stepping ~*~*~tactically~*~*~ (hiding).
 37522 | Vaults:3 | 37522 ||| UPGRADING to +4 plate armour of cold resistance.
 37544 | Vaults:3 | 37544 ||| Stepping ~*~*~tactically~*~*~ (hiding).
 37577 | Vaults:3 | 37577 ||| INVOKING Heroism.
 37635 | Vaults:3 | 37635 ||| Stepping ~*~*~tactically~*~*~ (hiding).
 37636 | Vaults:3 | 37636 ||| Stepping ~*~*~tactically~*~*~ (hiding).
 37639 | Vaults:3 | 37639 ||| INVOKING Heroism.
 37856 | Vaults:3 | 37856 ||| Stepping ~*~*~tactically~*~*~ (hiding).
 37862 | Vaults:3 | Received a gift from Okawaru
 38017 | Vaults:3 | Identified the +2 hand axe "Goblinbane" {freeze, rPois}
 38040 | Vaults:3 | Identified the staff "Muamepecyle" {*Slow rElec rF+ Dex+8
                  | Air}
 38328 | Vaults:3 | 38328 ||| INVOKING Heroism.
 38334 | Vaults:3 | Reached skill level 15 in Armour
 38397 | Vaults:3 | Found a staircase to the Crypt.
 38421 | Vaults:3 | 38421 ||| Stepping ~*~*~tactically~*~*~ (hiding).
 38422 | Vaults:3 | 38422 ||| Stepping ~*~*~tactically~*~*~ (hiding).
 38502 | Vaults:3 | 38502 ||| INVOKING Heroism.
 38676 | Vaults:3 | 38676 ||| INVOKING Heroism.
 38986 | Vaults:3 | 38986 ||| DROPPING ring of fire.
 38987 | Vaults:3 | 38987 ||| DROPPING ring of positive energy.
 39041 | Vaults:4 | 39041 ||| Stepping ~*~*~tactically~*~*~ (stealth).
 39054 | Vaults:4 | Received a gift from Okawaru
 39181 | Vaults:4 | 39181 ||| Stepping ~*~*~tactically~*~*~ (hiding).
 39187 | Vaults:4 | 39187 ||| INVOKING Heroism.
 39297 | Vaults:4 | 39297 ||| INVOKING Heroism.
 39303 | Vaults:4 | Received a gift from Okawaru
 39537 | Vaults:4 | 39537 ||| Stepping ~*~*~tactically~*~*~ (stealth).
 39548 | Vaults:4 | Reached XP level 20. HP: 129/131 MP: 27/27
 39560 | Vaults:4 | 39560 ||| INVOKING Heroism.
 39617 | Vaults:4 | 39617 ||| INVOKING Heroism.
 39664 | Vaults:4 | 39664 ||| INVOKING Heroism.
 39685 | Vaults:4 | HP: 33/132 [titan/the air (19)]
 39686 | Vaults:4 | 39686 ||| READING 14 scrolls of teleportation.
 39687 | Vaults:4 | 39687 ||| DRINKING 6 potions of heal wounds.
 39963 | Vaults:4 | Reached skill level 17 in Fighting
 40003 | Vaults:4 | 40003 ||| Stepping ~*~*~tactically~*~*~ (hiding).
 40247 | Vaults:4 | Received a gift from Okawaru
 40249 | Vaults:4 | 40249 ||| SWAPPING to +4 vampiric war axe.
 40330 | Vaults:4 | 40330 ||| READING scroll of enchant armour.
 40330 | Vaults:4 | 40330 ||| ENCHANTING +4 plate armour of cold resistance.
 40356 | Vaults:4 | 40356 ||| Stepping ~*~*~tactically~*~*~ (hiding).
 40359 | Vaults:4 | 40359 ||| Stepping ~*~*~tactically~*~*~ (hiding).
 40370 | Vaults:4 | 40370 ||| INVOKING Heroism.
 40376 | Vaults:4 | HP: 4/134 [crystal guardian/crystal bolt[a peacekeeper]
                  | (39)]
 40377 | Vaults:4 | 40377 ||| READING 13 scrolls of teleportation.
 40378 | Vaults:4 | 40378 ||| DRINKING 5 potions of heal wounds.
 40379 | Vaults:4 | 40379 ||| DRINKING 4 potions of heal wounds.
 40592 | Vaults:4 | 40592 ||| Stepping ~*~*~tactically~*~*~ (hiding).
 40667 | Vaults:4 | 40667 ||| PLANNING SNAKE:4
 40697 | Vaults:4 | 40697 ||| PLANNING VAULTS:1-4
 40698 | Vaults:4 | 40698 ||| PLANNING SNAKE:4
 40748 | Vaults:4 | 40748 ||| PLANNING VAULTS:1-4
 40749 | Vaults:4 | 40749 ||| PLANNING SNAKE:4
 40798 | Vaults:4 | 40798 ||| PLANNING VAULTS:1-4
 40799 | Vaults:4 | 40799 ||| PLANNING SNAKE:4
 40899 | Vaults:4 | 40899 ||| PLANNING VAULTS:1-4
 40900 | Vaults:4 | 40900 ||| PLANNING SNAKE:4
 40949 | Vaults:4 | 40949 ||| PLANNING VAULTS:1-4
 40950 | Vaults:4 | 40950 ||| PLANNING SNAKE:4
 41347 | Snake:4  | Entered Level 4 of the Snake Pit
 41377 | Snake:4  | 41377 ||| Stepping ~*~*~tactically~*~*~ (hiding).
 41378 | Snake:4  | 41378 ||| Stepping ~*~*~tactically~*~*~ (hiding).
 41391 | Snake:4  | Received a gift from Okawaru
 41523 | Snake:4  | 41523 ||| Stepping ~*~*~tactically~*~*~ (stealth).
 41524 | Snake:4  | 41524 ||| Stepping ~*~*~tactically~*~*~ (stealth).
 41527 | Snake:4  | 41527 ||| Stepping ~*~*~tactically~*~*~ (stealth).
 41598 | Snake:4  | Identified the +0 ring mail "Terghirie" {rPois rCorr}
                  | (Okawaru gifted it to you on level 4 of the Snake Pit)
 41598 | Snake:4  | Received a gift from Okawaru
 41921 | Snake:4  | 41921 ||| Stepping ~*~*~tactically~*~*~ (hiding).
 42128 | Snake:4  | 42128 ||| FLEEEEING.
 42131 | Snake:4  | 42131 ||| STAIRDANCE
 42238 | Snake:4  | 42238 ||| Stepping ~*~*~tactically~*~*~ (hiding).
 42266 | Snake:4  | 42266 ||| Stepping ~*~*~tactically~*~*~ (hiding).
 42287 | Snake:4  | 42287 ||| INVOKING Heroism.
 42335 | Snake:4  | 42335 ||| Stepping ~*~*~tactically~*~*~ (stealth).
 42364 | Snake:4  | 42364 ||| Stepping ~*~*~tactically~*~*~ (stealth).
 42525 | Snake:4  | Got a serpentine rune of Zot
 42733 | Snake:4  | 42733 ||| PLANNING DEPTHS
 43086 | Depths:1 | Entered Level 1 of the Depths
 43093 | Depths:1 | 43093 ||| INVOKING Heroism.
 43094 | Depths:1 | 43094 ||| INVOKING Finesse.
 43112 | Depths:1 | Reached skill level 18 in Fighting
 43183 | Depths:1 | 43183 ||| INVOKING Heroism.
 43184 | Depths:1 | 43184 ||| INVOKING Finesse.
 43207 | Depths:1 | Received a gift from Okawaru
 43346 | Depths:1 | Received a gift from Okawaru
 43451 | Depths:1 | Received a gift from Okawaru
 43452 | Depths:1 | Reached XP level 21. HP: 131/141 MP: 28/28
 43584 | Depths:1 | 43584 ||| Stepping ~*~*~tactically~*~*~ (hiding).
 43585 | Depths:1 | 43585 ||| Stepping ~*~*~tactically~*~*~ (hiding).
 43588 | Depths:1 | 43588 ||| Stepping ~*~*~tactically~*~*~ (hiding).
 43613 | Depths:1 | Received a gift from Okawaru
 43615 | Depths:1 | 43615 ||| INVOKING Finesse.
 43618 | Depths:1 | 43618 ||| INVOKING Heroism.
 43630 | Depths:1 | Gained mutation: You have hidden genetic defects. [a
                  | cacodemon]
 43632 | Depths:1 | Gained mutation: You are strong-willed. (Will+) [a
                  | cacodemon]
 43634 | Depths:1 | Received a gift from Okawaru
 43663 | Depths:1 | Received a gift from Okawaru
 43684 | Depths:1 | Reached skill level 18 in Armour
 43723 | Depths:1 | Found a gateway to Hell.
 43724 | Depths:1 | 43724 ||| INVOKING Heroism.
 43725 | Depths:1 | 43725 ||| INVOKING Finesse.
 43743 | Depths:1 | Received a gift from Okawaru
 43771 | Depths:1 | Identified the +3 dagger of the Countless Wishes {holy,
                  | rElec rCorr Str+5}
 43927 | Depths:1 | 43927 ||| INVOKING Heroism.
 43932 | Depths:1 | 43932 ||| INVOKING Finesse.
 43953 | Depths:1 | Received a gift from Okawaru
 43991 | Depths:1 | Gained mutation: Your spells are a little easier to cast,
                  | but a little less powerful. [hidden defects]
 44004 | Depths:1 | Found a runed translucent door.
 44008 | Depths:1 | Found a radiant altar of Vehumet.
 44008 | Depths:1 | Noticed an ancient lich
 44154 | Depths:1 | Found a runed translucent gate.
 44155 | Depths:1 | Found a runed translucent gate.
 44155 | Depths:1 | Found an opulent altar of Gozag.
 44156 | Depths:1 | Noticed Imio's ghost (adept DgCj)
 44157 | Depths:1 | Found a runed translucent gate.
 44158 | Depths:1 | Found Feaczeuh's Assorted Antiques.
 44361 | Depths:1 | 44361 ||| DROPPING +2 hat.
 44362 | Depths:1 | 44362 ||| DROPPING ring of wizardry.
 44494 | Depths:2 | Received a gift from Okawaru
 44528 | Depths:2 | 44528 ||| INVOKING Heroism.
 44529 | Depths:2 | 44529 ||| INVOKING Finesse.
 44541 | Depths:2 | Reached skill level 19 in Fighting
 44570 | Depths:2 | Received a gift from Okawaru
 44643 | Depths:2 | 44643 ||| Stepping ~*~*~tactically~*~*~ (stealth).
 44645 | Depths:2 | 44645 ||| Stepping ~*~*~tactically~*~*~ (hiding).
 44676 | Depths:2 | 44676 ||| INVOKING Heroism.
 44703 | Depths:2 | Found a one-way gate leading to the halls of Pandemonium.
 44756 | Depths:2 | 44756 ||| INVOKING Heroism.
 44757 | Depths:2 | 44757 ||| INVOKING Finesse.
 44882 | Depths:2 | 44882 ||| READING scroll of enchant armour.
 44882 | Depths:2 | 44882 ||| ENCHANTING +5 plate armour of cold resistance.
 44932 | Depths:2 | 44932 ||| Stepping ~*~*~tactically~*~*~ (hiding).
 45104 | Depths:2 | 45104 ||| INVOKING Heroism.
 45154 | Depths:2 | 45154 ||| Stepping ~*~*~tactically~*~*~ (hiding).
 45156 | Depths:2 | 45156 ||| Stepping ~*~*~tactically~*~*~ (hiding).
 45161 | Depths:2 | 45161 ||| Stepping ~*~*~tactically~*~*~ (hiding).
 45165 | Depths:2 | 45165 ||| Stepping ~*~*~tactically~*~*~ (hiding).
 45166 | Depths:2 | 45166 ||| Stepping ~*~*~tactically~*~*~ (hiding).
 45167 | Depths:2 | 45167 ||| Stepping ~*~*~tactically~*~*~ (hiding).
 45170 | Depths:2 | 45170 ||| INVOKING Heroism.
 45183 | Depths:2 | Received a gift from Okawaru
 45189 | Depths:2 | Gained mutation: You do not regenerate when monsters are
                  | visible. [hidden defects]
 45189 | Depths:2 | Lost mutation: You have hidden genetic defects. [hidden
                  | defects expressed]
 45214 | Depths:2 | 45214 ||| Stepping randomly (disturbance).
 45215 | Depths:2 | 45215 ||| Stepping randomly (disturbance).
 45216 | Depths:2 | 45216 ||| Stepping randomly (disturbance).
 45218 | Depths:2 | 45218 ||| Stepping randomly (disturbance).
 45219 | Depths:2 | 45219 ||| Stepping randomly (disturbance).
 45220 | Depths:2 | 45220 ||| Stepping randomly (disturbance).
 45221 | Depths:2 | 45221 ||| Stepping randomly (disturbance).
 45222 | Depths:2 | 45222 ||| Stepping randomly (disturbance).
 45224 | Depths:2 | 45224 ||| Stepping randomly (disturbance).
 45225 | Depths:2 | 45225 ||| Stepping randomly (disturbance).
 45226 | Depths:2 | 45226 ||| Stepping randomly (disturbance).
 45227 | Depths:2 | 45227 ||| Stepping randomly (disturbance).
 45254 | Depths:2 | 45254 ||| DRINKING 8 potions of mutation.
 45254 | Depths:2 | Lost mutation: You are strong-willed. (Will+) [potion of
                  | mutation]
 45254 | Depths:2 | Lost mutation: You do not regenerate when monsters are
                  | visible. [potion of mutation]
 45254 | Depths:2 | Gained mutation: You possess an exceptional clarity of
                  | mind. [potion of mutation]
 45254 | Depths:2 | Gained mutation: You are strong-willed. (Will+) [potion of
                  | mutation]
 45281 | Depths:2 | 45281 ||| DROPPING +0 chain mail of Gehenna {Harm rF+
                  | Str+5}.
 45282 | Depths:2 | 45282 ||| Stepping ~*~*~tactically~*~*~ (hiding).
 45283 | Depths:2 | 45283 ||| Stepping ~*~*~tactically~*~*~ (hiding).
 45300 | Depths:2 | 45300 ||| INVOKING Heroism.
 45315 | Depths:2 | Noticed an ancient lich
 45327 | Depths:2 | 45327 ||| DROPPING +0 fire dragon scales.
 45328 | Depths:2 | 45328 ||| READING scroll labelled EWEIRGHU GAUZO.
 45333 | Depths:2 | 45333 ||| INVOKING Finesse.
 45337 | Depths:2 | 45337 ||| Stepping ~*~*~tactically~*~*~ (cloud).
 45365 | Depths:2 | 45365 ||| INVOKING Heroism.
 45381 | Depths:2 | Killed an ancient lich
 45399 | Depths:2 | Identified the +0 scale mail of Okawaru's Generosity {rC+
                  | Slay-3 SInv Stlth+}
 45400 | Depths:2 | Identified the +0 flail of Varyng {flame, +Blink rN+ Str+3}
 45414 | Depths:2 | 45414 ||| INVOKING Heroism.
 45421 | Depths:2 | 45421 ||| Stepping ~*~*~tactically~*~*~ (cloud).
 45554 | Depths:3 | Found a one-way gateway to a ziggurat.
 45569 | Depths:3 | 45569 ||| INVOKING Heroism.
 45580 | Depths:3 | Noticed Saint Roka
 45609 | Depths:3 | Killed Saint Roka
 45679 | Depths:3 | Received a gift from Okawaru
 45719 | Depths:3 | Received a gift from Okawaru
 45721 | Depths:3 | Reached XP level 22. HP: 135/149 MP: 29/29
 45732 | Depths:3 | 45732 ||| INVOKING Heroism.
 46044 | Depths:3 | 46044 ||| INVOKING Finesse.
 46150 | Depths:3 | Noticed Mennas
 46151 | Depths:3 | 46151 ||| INVOKING Heroism.
 46199 | Depths:3 | 46199 ||| INVOKING Heroism.
 46245 | Depths:3 | HP: 34/150 [Mennas/+0 eudemon blade of holy wrath (11)]
 46246 | Depths:3 | 46246 ||| DRINKING 5 potions of heal wounds.
 46257 | Depths:3 | 46257 ||| INVOKING Heroism.
 46260 | Depths:3 | HP: 29/150 [Mennas/+0 eudemon blade of holy wrath (15)]
 46261 | Depths:3 | 46261 ||| DRINKING 4 potions of heal wounds.
 46271 | Depths:3 | HP: 37/150 [Mennas/+0 eudemon blade of holy wrath (18)]
 46272 | Depths:3 | 46272 ||| READING 15 scrolls of teleportation.
 46273 | Depths:3 | 46273 ||| DRINKING 3 potions of heal wounds.
 46665 | Depths:3 | 46665 ||| Stepping ~*~*~tactically~*~*~ (hiding).
 46670 | Depths:3 | 46670 ||| INVOKING Heroism.
 46788 | Depths:3 | Identified the +1 mace of Hixkeint {freeze, Fragile +Blink
                  | rElec}
 46866 | Depths:3 | Noticed a golden dragon
 46867 | Depths:3 | 46867 ||| INVOKING Heroism.
 46883 | Depths:3 | Killed a golden dragon
 46886 | Depths:3 | 46886 ||| Stepping ~*~*~tactically~*~*~ (hiding).
 46887 | Depths:3 | 46887 ||| Stepping ~*~*~tactically~*~*~ (hiding).
 46888 | Depths:3 | 46888 ||| Stepping ~*~*~tactically~*~*~ (hiding).
 46889 | Depths:3 | 46889 ||| Stepping ~*~*~tactically~*~*~ (hiding).
 46914 | Depths:3 | 46914 ||| Stepping ~*~*~tactically~*~*~ (hiding).
 46915 | Depths:3 | 46915 ||| Stepping ~*~*~tactically~*~*~ (hiding).
 46916 | Depths:3 | 46916 ||| Stepping ~*~*~tactically~*~*~ (hiding).
 46946 | Depths:3 | 46946 ||| Stepping ~*~*~tactically~*~*~ (stealth).
 46950 | Depths:3 | 46950 ||| Stepping ~*~*~tactically~*~*~ (stealth).
 46988 | Depths:3 | 46988 ||| Stepping ~*~*~tactically~*~*~ (hiding).
 47069 | Depths:3 | 47069 ||| READING scroll of acquirement.
 47069 | Depths:3 | 47069 ||| ACQUIRING 481 gold pieces
 47069 | Depths:3 | Acquired 481 gold pieces
 47141 | Depths:3 | Identified the ring "Pup Ygic" {Ice Str+2 Dex+2}
 47147 | Depths:3 | 47147 ||| INVOKING Heroism.
 47225 | Depths:3 | 47225 ||| INVOKING Heroism.
 47246 | Depths:3 | Killed Mennas
 47247 | Depths:3 | Reached skill level 20 in Fighting
 47357 | Depths:3 | Found a transporter.
 47357 | Depths:3 | Found a transporter.
 47361 | Depths:3 | Noticed a juggernaut
 47464 | Depths:4 | Entered Level 4 of the Depths
 47568 | Depths:4 | 47568 ||| Stepping ~*~*~tactically~*~*~ (hiding).
 47569 | Depths:4 | 47569 ||| INVOKING Heroism.
 47617 | Depths:4 | Received a gift from Okawaru
 47618 | Depths:4 | 47618 ||| INVOKING Heroism.
 47680 | Depths:4 | 47680 ||| Stepping ~*~*~tactically~*~*~ (hiding).
 47713 | Depths:4 | Noticed Parghit
 47714 | Depths:4 | 47714 ||| Stepping ~*~*~tactically~*~*~ (stealth).
 47716 | Depths:4 | 47716 ||| Stepping ~*~*~tactically~*~*~ (stealth).
 47717 | Depths:4 | 47717 ||| Stepping ~*~*~tactically~*~*~ (stealth).
 47740 | Depths:4 | 47740 ||| Stepping ~*~*~tactically~*~*~ (hiding).
 47743 | Depths:4 | 47743 ||| Stepping ~*~*~tactically~*~*~ (hiding).
 47745 | Depths:4 | 47745 ||| INVOKING Heroism.
 47771 | Depths:4 | HP: 37/152 [Parghit (20)]
 47772 | Depths:4 | 47772 ||| READING 14 scrolls of teleportation.
 47773 | Depths:4 | 47773 ||| DRINKING 2 potions of heal wounds.
 47774 | Depths:4 | 47774 ||| DRINKING potion of heal wounds.
 47775 | Depths:4 | 47775 ||| INVOKING Heroism.
 48025 | Depths:4 | 48025 ||| Stepping ~*~*~tactically~*~*~ (hiding).
 48040 | Depths:4 | Found an opulent altar of Gozag.
 48113 | Depths:4 | 48113 ||| Stepping ~*~*~tactically~*~*~ (hiding).
 48115 | Depths:4 | 48115 ||| Stepping ~*~*~tactically~*~*~ (hiding).
 48143 | Depths:4 | 48143 ||| Stepping ~*~*~tactically~*~*~ (stealth).
 48145 | Depths:4 | 48145 ||| Stepping ~*~*~tactically~*~*~ (hiding).
 48148 | Depths:4 | 48148 ||| INVOKING Heroism.
 48163 | Depths:4 | 48163 ||| READING scroll of enchant armour.
 48163 | Depths:4 | 48163 ||| ENCHANTING +6 plate armour of cold resistance.
 48184 | Depths:4 | 48184 ||| Stepping ~*~*~tactically~*~*~ (stealth).
 48185 | Depths:4 | 48185 ||| Stepping ~*~*~tactically~*~*~ (stealth).
 48191 | Depths:4 | 48191 ||| INVOKING Heroism.
 48237 | Depths:4 | HP: 38/152 [Parghit (21)]
 48238 | Depths:4 | 48238 ||| READING 13 scrolls of teleportation.
 48321 | Depths:4 | 48321 ||| Stepping ~*~*~tactically~*~*~ (stealth).
 48322 | Depths:4 | 48322 ||| Stepping ~*~*~tactically~*~*~ (stealth).
 48360 | Depths:4 | Noticed a juggernaut
 48384 | Depths:4 | 48384 ||| INVOKING Heroism.
 48404 | Depths:4 | Killed a juggernaut
 48412 | Depths:4 | 48412 ||| Stepping ~*~*~tactically~*~*~ (stealth).
 48414 | Depths:4 | 48414 ||| INVOKING Heroism.
 48456 | Depths:4 | 48456 ||| Stepping ~*~*~tactically~*~*~ (hiding).
 48466 | Depths:4 | 48466 ||| INVOKING Heroism.
 48476 | Depths:4 | Received a gift from Okawaru
 48491 | Depths:4 | 48491 ||| Stepping ~*~*~tactically~*~*~ (stealth).
 48497 | Depths:4 | 48497 ||| Stepping ~*~*~tactically~*~*~ (stealth).
 48552 | Depths:4 | 48552 ||| INVOKING Heroism.
 48604 | Depths:4 | 48604 ||| INVOKING Heroism.
 48634 | Depths:4 | Noticed a golden dragon
 48637 | Depths:4 | 48637 ||| INVOKING Heroism.
 48651 | Depths:4 | Killed a golden dragon
 48664 | Depths:4 | 48664 ||| INVOKING Heroism.
 48712 | Depths:4 | 48712 ||| INVOKING Heroism.
 48774 | Depths:4 | 48774 ||| INVOKING Heroism.
 48834 | Depths:4 | 48834 ||| INVOKING Heroism.
 48911 | Depths:4 | 48911 ||| INVOKING Heroism.
 48995 | Depths:4 | 48995 ||| INVOKING Heroism.
 49034 | Depths:4 | HP: 37/152 [Parghit (20)]
 49035 | Depths:4 | 49035 ||| READING 13 scrolls of teleportation.
 49089 | Depths:4 | 49089 ||| Stepping ~*~*~tactically~*~*~ (stealth).
 49090 | Depths:4 | 49090 ||| INVOKING Heroism.
 49173 | Depths:4 | 49173 ||| INVOKING Heroism.
 49252 | Depths:4 | 49252 ||| INVOKING Heroism.
 49293 | Depths:4 | Reached skill level 21 in Shields
 49299 | Depths:4 | 49299 ||| INVOKING Heroism.
 49357 | Depths:4 | HP: 36/152 [Parghit (12)]
 49358 | Depths:4 | 49358 ||| READING 12 scrolls of teleportation.
 49362 | Depths:4 | HP: 4/152 [Parghit (17)]
 49745 | Depths:4 | 49745 ||| INVOKING Heroism.
 49856 | Depths:4 | 49856 ||| INVOKING Heroism.
 50035 | Depths:4 | 50035 ||| Stepping ~*~*~tactically~*~*~ (hiding).
 50038 | Depths:4 | 50038 ||| Stepping ~*~*~tactically~*~*~ (hiding).
 50040 | Depths:4 | 50040 ||| INVOKING Heroism.
 50088 | Depths:4 | HP: 19/152 [Parghit (27)]
 50089 | Depths:4 | 50089 ||| READING 11 scrolls of teleportation.
 50090 | Depths:4 | 50090 ||| READING 10 scrolls of teleportation.
 50091 | Depths:4 | 50091 ||| INVOKING Heroism.
 50091 | Depths:4 | HP: 5/152 [Parghit (8)]
 50184 | Depths:4 | 50184 ||| FLEEEEING.
 50185 | Depths:4 | 50185 ||| FLEEEEING.
 50195 | Depths:4 | 50195 ||| STAIRDANCE
 50369 | Depths:3 | 50369 ||| DROPPING +6 pearl dragon scales "Runon" {rElec
                  | rN+ Dex+2 Slay-3}.
 50429 | Depths:4 | 50429 ||| Stepping ~*~*~tactically~*~*~ (stealth).
 50431 | Depths:4 | 50431 ||| Stepping ~*~*~tactically~*~*~ (hiding).
 50433 | Depths:4 | 50433 ||| Stepping ~*~*~tactically~*~*~ (hiding).
 50491 | Depths:4 | 50491 ||| Stepping ~*~*~tactically~*~*~ (hiding).
 50570 | Depths:4 | 50570 ||| Stepping ~*~*~tactically~*~*~ (hiding).
 50607 | Depths:4 | Found a gate to the Realm of Zot.
 50620 | Depths:4 | 50620 ||| INVOKING Heroism.
 50662 | Depths:4 | 50662 ||| INVOKING Heroism.
 50697 | Depths:4 | 50697 ||| INVOKING Heroism.
 50759 | Depths:4 | 50759 ||| INVOKING Heroism.
 50820 | Depths:4 | 50820 ||| INVOKING Heroism.
 50851 | Depths:4 | 50851 ||| INVOKING Heroism.
 50898 | Depths:4 | 50898 ||| INVOKING Heroism.
 50945 | Depths:4 | 50945 ||| INVOKING Heroism.
 51022 | Depths:4 | HP: 32/152 [Parghit (13)]
 51023 | Depths:4 | 51023 ||| READING 9 scrolls of teleportation.
 51442 | Depths:4 | 51442 ||| PLANNING VAULTS:5
 51666 | Vaults:5 | Entered Level 5 of the Vaults
 51666 | Vaults:5 | Noticed a golden dragon
 51679 | Vaults:5 | 51679 ||| STAIRDANCE
 51707 | Vaults:5 | 51707 ||| INVOKING Heroism.
 51733 | Vaults:5 | Killed a golden dragon
 51734 | Vaults:5 | Reached skill level 21 in Fighting
 51762 | Vaults:5 | Reached XP level 23. HP: 160/160 MP: 30/30
 51774 | Vaults:5 | 51774 ||| INVOKING Heroism.
 51782 | Vaults:5 | Noticed a golden dragon
 51791 | Vaults:5 | Reached skill level 12 in Throwing
 51805 | Vaults:5 | 51805 ||| INVOKING Heroism.
 51810 | Vaults:5 | Killed a golden dragon
 51829 | Vaults:5 | Received a gift from Okawaru
 51838 | Vaults:5 | Noticed a golden dragon
 51851 | Vaults:5 | 51851 ||| INVOKING Heroism.
 51859 | Vaults:5 | Reached skill level 21 in Armour
 51867 | Vaults:5 | Killed a golden dragon
 51882 | Vaults:5 | 51882 ||| INVOKING Finesse.
 51893 | Vaults:5 | Received a gift from Okawaru
 51893 | Vaults:5 | Identified the +6 plate armour of the Hidden Vale {Int+2}
 51943 | Vaults:5 | 51943 ||| Stepping ~*~*~tactically~*~*~ (stealth).
 51944 | Vaults:5 | Identified the +4 great sword of Uskayaw's Wrath {heavy,
                  | rF+ Str+2}
 51945 | Vaults:5 | 51945 ||| Stepping ~*~*~tactically~*~*~ (stealth).
 51953 | Vaults:5 | 51953 ||| Stepping ~*~*~tactically~*~*~ (hiding).
 51967 | Vaults:5 | Received a gift from Okawaru
 51975 | Vaults:5 | 51975 ||| Stepping ~*~*~tactically~*~*~ (stealth).
 51976 | Vaults:5 | 51976 ||| Stepping ~*~*~tactically~*~*~ (stealth).
 51978 | Vaults:5 | 51978 ||| INVOKING Heroism.
 52035 | Vaults:5 | Identified the staff of Conscience {rC+ rN+ Dex+2 Necro}
 52043 | Vaults:5 | Identified the +6 short sword of Nemelex Xobeh's Pride
                  | {drain, *Noise rC+ rN+++ SInv}
 52070 | Vaults:5 | 52070 ||| Stepping ~*~*~tactically~*~*~ (hiding).
 52072 | Vaults:5 | 52072 ||| INVOKING Heroism.
 52126 | Vaults:5 | 52126 ||| Stepping ~*~*~tactically~*~*~ (hiding).
 52176 | Vaults:5 | Identified the +8 battleaxe of Mist {heavy, rF- rCorr
                  | Str+5}
 52187 | Vaults:5 | 52187 ||| INVOKING Heroism.
 52235 | Vaults:5 | Reached skill level 22 in Fighting
 52243 | Vaults:5 | Identified the +4 quarterstaff "Hydraslayer" {freeze, Str+3
                  | Int+2}
 52243 | Vaults:5 | Identified the amulet "Pemutoph" {RegenMP SInv}
 52244 | Vaults:5 | 52244 ||| INVOKING Finesse.
 52259 | Vaults:5 | Noticed an ancient lich
 52305 | Vaults:5 | Killed an ancient lich
 52379 | Vaults:5 | 52379 ||| FLEEEEING.
 52380 | Vaults:5 | 52380 ||| FLEEEEING.
 52381 | Vaults:5 | 52381 ||| STAIRDANCE
 52523 | Vaults:4 | 52523 ||| UPGRADING to +2 tower shield.
 52533 | Vaults:4 | 52533 ||| DROPPING +0 tower shield.
 52554 | Vaults:5 | 52554 ||| READING 3 scrolls of enchant weapon.
 52554 | Vaults:5 | 52554 ||| ENCHANTING +4 vampiric war axe.
 52555 | Vaults:5 | 52555 ||| READING 2 scrolls of enchant weapon.
 52555 | Vaults:5 | 52555 ||| ENCHANTING +5 vampiric war axe.
 52556 | Vaults:5 | 52556 ||| READING scroll of enchant weapon.
 52556 | Vaults:5 | 52556 ||| ENCHANTING +6 vampiric war axe.
 52579 | Vaults:5 | Identified the +7 mace of the Abyss {heavy, rElec Str+2
                  | Dex+3 Stlth-}
 52589 | Vaults:5 | Got a silver rune of Zot
 52607 | Vaults:5 | 52607 ||| INVOKING Heroism.
 52609 | Vaults:5 | Noticed a golden dragon
 52620 | Vaults:5 | Killed a golden dragon
 52709 | Vaults:5 | Found Bev Icki's General Store.
 52736 | Vaults:5 | 52736 ||| Stepping ~*~*~tactically~*~*~ (hiding).
 52737 | Vaults:5 | 52737 ||| Stepping ~*~*~tactically~*~*~ (hiding).
 52763 | Vaults:5 | 52763 ||| FLEEEEING.
 52764 | Vaults:5 | 52764 ||| FLEEEEING.
 52765 | Vaults:5 | 52765 ||| FLEEEEING.
 52766 | Vaults:5 | 52766 ||| FLEEEEING.
 52767 | Vaults:5 | 52767 ||| FLEEEEING.
 52768 | Vaults:5 | 52768 ||| FLEEEEING.
 52769 | Vaults:5 | 52769 ||| FLEEEEING.
 52770 | Vaults:5 | 52770 ||| FLEEEEING.
 52771 | Vaults:5 | 52771 ||| FLEEEEING.
 52773 | Vaults:5 | 52773 ||| FLEEEEING.
 52774 | Vaults:5 | 52774 ||| FLEEEEING.
 52830 | Vaults:5 | 52830 ||| Stepping ~*~*~tactically~*~*~ (hiding).
 52831 | Vaults:5 | 52831 ||| Stepping ~*~*~tactically~*~*~ (hiding).
 52833 | Vaults:5 | 52833 ||| Stepping ~*~*~tactically~*~*~ (hiding).
 52834 | Vaults:5 | 52834 ||| Stepping ~*~*~tactically~*~*~ (hiding).
 52876 | Vaults:5 | 52876 ||| Stepping ~*~*~tactically~*~*~ (stealth).
 52877 | Vaults:5 | 52877 ||| Stepping ~*~*~tactically~*~*~ (stealth).
 52916 | Vaults:5 | 52916 ||| INVOKING Heroism.
 52921 | Vaults:5 | 52921 ||| INVOKING Finesse.
 52938 | Vaults:5 | Received a gift from Okawaru
 53140 | Vaults:5 | Identified the +3 ring mail of Tenacity {Dex+3}
 53315 | Vaults:5 | 53315 ||| PLANNING SHOPPING SPREE
 53315 | Vaults:5 | 53315 ||| DROPPING +2 pair of boots of rampaging.
 53316 | Vaults:5 | 53316 ||| DROPPING +0 helmet of Idatzuir {Str+2}.
 53317 | Vaults:5 | 53317 ||| UPGRADING to +2 helmet of see invisible.
 53430 | Vaults:1 | 53430 ||| BUYING potion of cancellation (96 gold).
 53430 | Vaults:1 | Bought a potion of cancellation for 96 gold pieces
 53430 | Vaults:1 | 53430 ||| BUYING potion of curing (36 gold).
 53430 | Vaults:1 | Bought a potion of curing for 36 gold pieces
 53430 | Vaults:1 | 53430 ||| BUYING potion of curing (36 gold).
 53430 | Vaults:1 | Bought a potion of curing for 36 gold pieces
 53430 | Vaults:1 | 53430 ||| BUYING potion of enlightenment (60 gold).
 53430 | Vaults:1 | Bought a potion of enlightenment for 60 gold pieces
 53430 | Vaults:1 | 53430 ||| BUYING potion of magic (96 gold).
 53430 | Vaults:1 | Bought a potion of magic for 96 gold pieces
 53509 | Vaults:2 | 53509 ||| BUYING potion of enlightenment (95 gold).
 53509 | Vaults:2 | Bought a potion of enlightenment for 95 gold pieces
 53889 | Shoals:4 | 53889 ||| BUYING pair of glowing boots (210 gold).
 53889 | Shoals:4 | Bought a pair of glowing boots for 210 gold pieces
 53889 | Shoals:4 | 53889 ||| BUYING shiny helmet (210 gold).
 53889 | Shoals:4 | Bought a shiny helmet for 210 gold pieces
 53898 | Shoals:4 | 53898 ||| DROPPING +0 pair of boots of rampaging.
 53899 | Shoals:4 | 53899 ||| DROPPING +2 helmet of see invisible.
 54497 | Shoals:4 | 54497 ||| BUYING heavily runed plate armour (1204 gold).
 54497 | Shoals:4 | Bought a heavily runed plate armour for 1204 gold pieces
 54497 | Shoals:4 | Identified the +9 plate armour "Hepnel" {rF+ Int+4 Stlth+}
                  | (You bought it in a shop on level 4 of the Shoals)
 54497 | Shoals:4 | 54497 ||| DROPPING +0 gold dragon scales.
 54498 | Shoals:4 | 54498 ||| UPGRADING to +9 plate armour "Hepnel" {rF+ Int+4
                  | Stlth+}.
 54508 | Shoals:4 | 54508 ||| CLEARING SHOPPING LIST
 54508 | Shoals:4 | 54508 ||| PLANNING ZOT:1-4
 54921 | Zot:1    | Entered Level 1 of the Realm of Zot
 54950 | Zot:1    | 54950 ||| INVOKING Heroism.
 55249 | Zot:1    | Received a gift from Okawaru
 55401 | Zot:1    | Noticed Vv
 55402 | Zot:1    | 55402 ||| DRINKING 6 potions of resistance.
 55403 | Zot:1    | 55403 ||| INVOKING Heroism.
 55405 | Zot:1    | Noticed a golden dragon
 55406 | Zot:1    | Noticed an orb of fire
 55418 | Zot:1    | Lost mutation: Your spells are a little easier to cast, but
                  | a little less powerful. [an orb of fire]
 55421 | Zot:1    | Killed a golden dragon
 55428 | Zot:1    | Gained mutation: You occasionally shout uncontrollably at
                  | your foes. [an orb of fire]
 55436 | Zot:1    | Gained mutation: Armour fits poorly on your strangely
                  | shaped body. [an orb of fire]
 55440 | Zot:1    | Killed an orb of fire
 55442 | Zot:1    | HP: 30/162 [Vv/flame surge (17)]
 55443 | Zot:1    | 55443 ||| READING 9 scrolls of teleportation.
 55444 | Zot:1    | 55444 ||| DRINKING potion of heal wounds.
 55446 | Zot:1    | 55446 ||| INVOKING Heroism.
 55450 | Zot:1    | HP: 24/162 [Vv/creeping frost (11)]
 55455 | Zot:1    | HP: 1/162 [Vv/flame surge (17)]
 55479 | Zot:1    | 55479 ||| FLEEEEING.
 55569 | Zot:1    | 55569 ||| DRINKING 5 potions of resistance.
 55570 | Zot:1    | 55570 ||| INVOKING Heroism.
 55572 | Zot:1    | HP: 31/162 [Vv (13)]
 55573 | Zot:1    | 55573 ||| READING 8 scrolls of teleportation.
 55575 | Zot:1    | Slain by Vv

Levels and vault maps discovered:
D:1:      minmay_arrival_doors, layout_loops_ring, serial_rivers,
          chequers_serial_rivers_micro_e, chequers_serial_rivers_micro_d,
          chequers_serial_rivers_room_b, chequers_serial_rivers_micro_c,
          chequers_serial_rivers_room_a, chequers_serial_rivers_micro_b,
          hangedman_decor_slide_cut
D:2:      minmay_recursive_quarters, layout_loops_ring, uniq_natasha
D:3:      gammafunk_wand_slinger, layout_loops_corners,
          dreamdust_ecumenical_altar_angels_and_demons, uniq_jessica,
          uniq_crazy_yiuf_cottage, uniq_robin
D:4:      layout_cave_pods, portal_sewer_entry_d, nrook_campfire,
          minmay_hollow_rounded_squares
D:5:      layout_basic, mainiacjoe_overflow_brackets, okawaru_metal_pillars_3,
          minmay_temple_entry_sparse_star, minmay_starry_boxes, uniq_sigmund
D:6:      layout_basic, mainiacjoe_overflow_24_doors, vehumet_altar_wand_db
D:7:      layout_basic, mainiacjoe_overflow_swirl, serial_glass,
          glass_columns_b, glass_columns_a
D:8:      layout_rooms, nicolae_shop_gadgets, uniq_pikel
D:9:      layout_roguey, mainiacjoe_overflow_paths, hellmonk_lair_entry_icy
D:10:     layout_long_grid, nicolae_shop_clearance
D:11:     layout_gridville
D:12:     minmay_bloctagon, layout_irregular_city, zombieorc2_lemuel,
          xom_confusion_cloud, uniq_kirke, uniq_nergalle
D:13:     layout_basic, minmay_shop_grid_forest
D:14:     layout_grid_maze, grunt_vaults_entry_tiered, grunt_decor_junction,
          uniq_azrael
D:15:     grunt_enter_depths_snipers, layout_cave_pools, solitary_fountain
Lair:1:   beast_lair_carwin_large_4, layout_chaotic_city,
          chequers_serial_rivers_room_b, st_stairs_6, pond, grunt_megastairs_2,
          uniq_fannar
Lair:2:   layout_hall_layers, portal_ice_cave_entry_ice_simulacra
Lair:3:   layout_misc_corridors, elwin_shoals_entry_rooms,
          nicolae_snake_entry_squirm
Lair:4:   nzn_winding_woodlands_medium [nzn_winding_woodlands_hourglass,
          nzn_winding_woodlands_5x15_cabin, nzn_winding_woodlands_5x5_cross,
          nzn_winding_woodlands_5x5_default,
          nzn_winding_woodlands_center_pierced_h,
          nzn_winding_woodlands_5x5_three,
          nzn_winding_woodlands_5x5_checkerboard,
          nzn_winding_woodlands_5x15_split_checker,
          nzn_winding_woodlands_5x5_closed_star], layout_cave_pods,
          kennysheep_rathole, uniq_snorg
Lair:5:   grunt_lair_end_beastmaster, layout_misc_corridors, slime_entry_2,
          serial_bayou, serial_bayou_lagoon_a, serial_bayou_crossing,
          serial_bayou_lake_a, serial_bayou_shore_b
Shoals:1: layout_shoals, nicolae_shoals_abyss_on_the_beach
Shoals:2: layout_shoals, st_cyclops
Shoals:3: layout_shoals, ebering_ghost_rock_garden
Shoals:4: shoals_end_simple, layout_shoals, serial_shops,
          nicolae_shop_statue_plus, shop, shop, nicolae_shop_real_fake_doors,
          shop, nicolae_shoals_land_atoll
Snake:1:  layout_grid_maze, uniq_jorgrun
Snake:2:  cheibrodos_snake_ritualist_ritual, layout_misc_corridors,
          ebering_ghost_reflecting_pool, special_room
Snake:3:  layout_onion, serial_shops, nicolae_stop_n_shop_1
Snake:4:  snake_hunt, layout_cave_town, grunt_megastairs_4, serial_bayou_shore_a
Orc:1:    layout_caves
Orc:2:    kennysheep_orc_mage_school, layout_diamond_mine, nicolae_orc_rockfall
Vaults:1: ontoclasm_vaults_fault, hangedman_vaults_maws, nicolae_vaults_house_2,
          nicolae_vaults_trapezoid_1, nicolae_vaults_diagonal_hallway_7,
          nicolae_vaults_trapezoid_lopsided_2, vaults_dpeg_ring,
          nicolae_vaults_stairing_the_circle, nicolae_vaults_tetromino_Z_2,
          nicolae_vaults_network_periphery, nicolae_vaults_tangram_1,
          nicolae_vaults_apartment_1, nicolae_vaults_specimen_jars,
          v_alt_pattern_1, layout_vaults_big_cross, serial_shops, shop,
          uniq_nikola
Vaults:2: nicolae_vaults_thirteen_compartments, vaults_room_fours, v_misc_30,
          vaults_room_semicircle, ontoclasm_vaults_bender, grunt_vaults_funnel,
          layout_vaults_ring, serial_shops, nicolae_shop_just_a_little_nook
Vaults:3: minmay_crypt_entry_simple_round, nicolae_vaults_double_plus_1,
          nicolae_vaults_security_offices_6, vaults_room_grid,
          nicolae_vaults_network_quinsquares
          [nicolae_vaults_network_quincunx_subvault,
          nicolae_vaults_network_quincunx_subvault,
          nicolae_vaults_network_quincunx_subvault,
          nicolae_vaults_network_quincunx_subvault], vaults_mumra_chevron_long,
          v_misc_10, nicolae_vaults_sesquioval_fish, nicolae_vaults_house_1,
          ontoclasm_vaults_ligature, nicolae_vaults_trapezoid_1,
          nicolae_vaults_yaktaur_gun_rack, layout_vaults_chaotic_city
Vaults:4: dpeg_vaults_hating_casters, v_misc_9, nicolae_vaults_apartment_2,
          vaults_room_door_ring, v_pattern_4, vaults_room_pools,
          hangedman_vaults_cutoff, nicolae_vaults_trapezoid_lopsided_4,
          nicolae_vaults_diamond_1, nicolae_vaults_more_shelving_1,
          layout_vaults_omnibox
Vaults:5
Depths:1: layout_forbidden_donut, hellmonk_bongcloud_opening,
          grunt_hell_entry_demonic_statue, ebering_ghost_gozag,
          grunt_absolute_annihilation
Depths:2: cheibrodos_cascadia, layout_cave_pools, abandoned_shop,
          hangedman_coc_ice_floe, rand_demon_pan_entry_3
Depths:3: gammafunk_the_bubble [the_bubble_gammafunk_split], layout_cave_shapes,
          enter_ziggurat_f, abyss_entry, minmay_misc_feat_chi, hell_entry,
          infiniplex_staircase_squiggle, serial_bayou_shore_b,
          serial_bayou_shore_b, grunt_megastairs_5, uniq_mennas, uniq_saint_roka
Depths:4: grunt_twist_and_shout, layout_honeycomb, pan_entry, hell_entry,
          nicolae_gozag_cash_rules_everything_around_me, abyss_entry,
          uniq_parghit
Zot:1:    layout_gridlike, uniq_vv

Skill      XL: |  1  2  3  4  5  6  7  8  9 10 11 12 13 14 15 16 17 18 19 20 21 22 23 |
---------------+----------------------------------------------------------------------+-----
Axes           | 2 3 4 5 6 7 8 9 11 12 13 14 16 17 18 | 18.0
Fighting       | 4 5 6 7 8 9 10 11 12 13 14 15 16 18 19 21 22 | 22.0
Armour         | 4 5 6 7 9 10 11 12 14 16 17 19 20 21 | 21.0
Dodging        | 1 2 4 5 6 7 |  7.0
Invocations    | 3 4 6 10 | 10.0
Throwing       | 1 4 5 8 9 10 11 12 | 12.8
Shields        | 4 5 6 7 8 14 18 19 20 21 | 21.5

Action                     |  1- 3 |  4- 6 |  7- 9 | 10-12 | 13-15 | 16-18 | 19-21 | 22-24 || total
---------------------------+-------+-------+-------+-------+-------+-------+-------+-------++-------
  Melee: War axe           |    78 |   190 |   313 |   148 |    44 |       |  1167 |  2553 ||  4493
         Broad axe         |       |       |       |   308 |   993 |  1478 |   583 |       ||  3362
  Throw: Boomerang         |       |       |    26 |    67 |       |   110 |    19 |       ||   222
         Javelin           |       |       |       |       |    20 |    26 |   132 |    51 ||   229
 Invoke: Heroism           |       |       |     8 |    24 |    23 |    40 |    34 |    55 ||   184
         Finesse           |       |       |       |       |     4 |     5 |    10 |     4 ||    23
    Use: Scroll            |     4 |     9 |    10 |     5 |     6 |     4 |     5 |    15 ||    58
         Potion            |     1 |     2 |     1 |     1 |     1 |       |     4 |     8 ||    18
   Stab: Confused          |       |       |       |     1 |       |     8 |     2 |       ||    11
         Petrifying        |       |       |       |       |     4 |       |       |       ||     4
         Distracted        |       |       |       |       |     1 |       |       |       ||     1
         Paralysed         |       |       |       |       |       |     4 |       |       ||     4
 Armour: Scale mail        |    22 |    20 |       |       |       |       |       |       ||    42
         Plate armour      |       |    51 |   182 |   234 |    70 |       |   694 |  1701 ||  2932
         Skin              |       |     1 |       |       |       |       |     1 |       ||     2
         Pearl dragon scal |       |       |       |       |   359 |   447 |    62 |       ||   868
  Dodge: Dodged            |    52 |   122 |   182 |   249 |   492 |   471 |   598 |  1053 ||  3219
  Block: Buckler           |    17 |    32 |    42 |   114 |   214 |    15 |       |       ||   434
         Tower shield      |       |       |       |       |       |   994 |  1430 |  2488 ||  4912
         Kite shield       |       |       |       |       |       |    21 |       |       ||    21

Table legend:
 A = Non-vault XP
 B = Vault XP
 C = Vault XP percentage of total XP
 D = Non-vault monster count
 E = Vault monster count
 F = Vault count percentage of total count
                 A         B        C        D         E       F
            +---------+---------+-------+---------+---------+-------
      Total |  463197 |  367085 |  44.2 |    1037 |     620 |  37.4
            +---------+---------+-------+---------+---------+-------
        D:1 |      28 |       0 |   0.0 |      14 |       0 |   0.0
        D:2 |     128 |      48 |  27.3 |      27 |       7 |  20.6
        D:3 |     150 |      37 |  19.8 |      18 |       1 |   5.3
        D:4 |     388 |     412 |  51.5 |      23 |      13 |  36.1
        D:5 |     966 |     408 |  29.7 |      14 |       5 |  26.3
        D:6 |     773 |       2 |   0.3 |      15 |       1 |   6.2
        D:7 |     931 |       0 |   0.0 |      14 |       0 |   0.0
        D:8 |    1407 |     641 |  31.3 |      30 |       1 |   3.2
        D:9 |    1688 |    1255 |  42.6 |      20 |       8 |  28.6
       D:10 |    4728 |       0 |   0.0 |      26 |       0 |   0.0
       D:11 |    4458 |       0 |   0.0 |      20 |       0 |   0.0
       D:12 |    4280 |   11280 |  72.5 |      12 |      62 |  83.8
       D:13 |   10533 |       0 |   0.0 |      25 |       0 |   0.0
       D:14 |   17697 |    9765 |  35.6 |      39 |      32 |  45.1
       D:15 |    3392 |    3323 |  49.5 |       6 |       4 |  40.0
     Lair:1 |    3202 |    6436 |  66.8 |      14 |      28 |  66.7
     Lair:2 |    4686 |      92 |   1.9 |      26 |       2 |   7.1
     Lair:3 |    9294 |     489 |   5.0 |      32 |       3 |   8.6
     Lair:4 |    6246 |   14419 |  69.8 |      25 |      42 |  62.7
     Lair:5 |   17417 |    7346 |  29.7 |      43 |      15 |  25.9
   Shoals:1 |   14826 |     511 |   3.3 |      27 |       1 |   3.6
   Shoals:2 |   12887 |    4434 |  25.6 |      29 |       7 |  19.4
   Shoals:3 |    7434 |       0 |   0.0 |      18 |       0 |   0.0
   Shoals:4 |    8434 |   19849 |  70.2 |      19 |      33 |  63.5
    Snake:1 |   15274 |    1759 |  10.3 |      26 |       1 |   3.7
    Snake:2 |   13608 |    2615 |  16.1 |      31 |       5 |  13.9
    Snake:3 |   13869 |       0 |   0.0 |      28 |       0 |   0.0
    Snake:4 |   23539 |   23254 |  49.7 |      47 |      44 |  48.4
      Orc:1 |    1398 |       0 |   0.0 |      16 |       0 |   0.0
      Orc:2 |    3573 |    7104 |  66.5 |      37 |      34 |  47.9
   Vaults:1 |   30229 |    9036 |  23.0 |      45 |      15 |  25.0
   Vaults:2 |   34190 |   12114 |  26.2 |      52 |      15 |  22.4
   Vaults:3 |   11458 |   15527 |  57.5 |      18 |      19 |  51.4
   Vaults:4 |   20076 |   29325 |  59.4 |      25 |      33 |  56.9
   Vaults:5 |   18967 |  107429 |  85.0 |      26 |      97 |  78.9
   Depths:1 |   29685 |   22851 |  43.5 |      35 |      28 |  44.4
   Depths:2 |   20452 |   23560 |  53.5 |      28 |      28 |  50.0
   Depths:3 |   33363 |   13633 |  29.0 |      39 |      22 |  36.1
   Depths:4 |   36734 |   18131 |  33.0 |      32 |      14 |  30.4
      Zot:1 |   20809 |       0 |   0.0 |      16 |       0 |   0.0
            +---------+---------+-------+---------+---------+-------
